Workbook

Sheet Hoja3
B3: TIPO DE DOCUMENTO | G3: PARENTESCO CON EL JEFE DE HOGAR | L3: ETNIA | Q3: ESTADO DE SALUD | T3: ESTADO DEL INMUBLE
Q4: 1 | R4: REQUIERE ASISTENCIA MEDICA
B5: 1 | C5: REGISTRO CIVIL | D5: 4 | E5: CEDULA DE EXTRAJERIA | G5: 1 | H5: JEFE DE HOGAR | I5: 5 | J5: TIO (A) | L5: 1 | M5: AFROCOLOMBIANO | N5: 4 | O5: RAIZAL | Q5: 2 | R5: NO REQUIERE ASISTENCIA MEDICA | T5: 1 | U5: HABITABLE
G6: 2 | H6: ESPOSO (A) | I6: 6 | J6: NIETO (A)
B7: 2 | C7: TARJETA DE IDENTIDAD | D7: 6 | E7: PASAPORTE | G7: 3 | H7: HIJO (A) | I7: 7 | J7: SUEGRO (A) | L7: 2 | M7: INDIGENA | N7: 5 | O7: OTRO | Q7: AFILIACIÓN AL SISTEMA DE SALUD | T7: 2 | U7: NO HABITABLE
G8: 4 | H8: PRIMO (A) | I8: 8 | J8: YERNO/NUERA | Q8: 1 | R8: SUB SIDIADO
B9: 3 | C9: CEDULA DE CIUDADANIA | D9: 5 | E9: INDOCUMENTADO | G9: 9 | H9: ABUELO (A) | I9: 10 | J9: FAMILIA UNIPERSONAL | L9: 3 | M9: GITANO-ROM | N9: 6 | O9: SIN INFORMACION | Q9: 2 | R9: CONTRIBUTIVO | T9: 3 | U9: DESTRUIDA
D10: 7 | E10: NO SABE/ NO RRESPONDE | G10: 11 | H10: HERMANO ( A ) | Q10: 3 | R10: SIN AFILIACIÓN

Sheet 1. FASES_LINEAS_GENERALES
C1: PLAN PARA LA RESPUESTA A EMERGENCIA - PRE SERVICIOS BÁSICOS DE RESPUESTA LÍNEAS DE INTERVENCIÓN | I1: CÓDIGO: FR-1703-SMD-65 | J1: VERSIÓN: 01
C2: GESTIÓN MANEJO DE DESASTRES | I2: Hoja 1 de 4 | J2: Fecha: 20/11/2024
A3: FASES Y LÍNEAS GENERALES DEL PRE
A4: FECHA APROBACIÓN: | B4: FECHA ACTUALIZACIÓN: | C4: DEPARTAMENTO: | D4: MUNICIPIO: | F4: NOMBRE DEL PRESIDENTE (A) /GOBERNADOR (A) /ALCALDE (SA): | G4: DIRECTOR (A) UNGRD / COORDINADOR (A) CDGRD - CMGRD | H4: APROBÓ (CNGR /CDGRD /CMGRD): | I4: RESPONSABLE DEL SEGUIMIENTO:
A5: 00/00/000 | B5: 00/00/0000 | C5: ANTIOQUIA | D5: N/A | F5: ANDRÉS JULIÁN RENDÓN CARDONA | G5: OSCAR DANIEL GALEANO TAMAYO | H5: CDGRD | I5: SECRETARIA DE PLANEACIÓN DEPARTAMENTAL- DAGRAN
A6: Versión: 01 | B6: Versión: 00
A7: OBJETIVO GENERAL: | B7: Establecer y ejecutar las acciones necesarias para garantizar una respuesta oportuna, eficaz y articulada frente a la calamidad pública generada por los eventos de origen hidrometeorológico en el Departamento de Antioquia durante el año 2026, mediante la planeación, coordinación multisectorial y optimización de intervenciones preventivas, correctivas y de recuperación, orientadas a la reducción del riesgo, la mitigación de impactos sociales, económicos y ambientales, y el fortalecimiento operativo del Sistema Departamental de Gestión del Riesgo de Desastres, en cumplimiento de los lineamientos establecidos en la Ley 1523 de 2012. | I7: TIPO DE DECLARATORIA: | J7: CALAMIDAD PÚBLICA DEPARTAMENTAL
I8: NÚMERO Y FECHA: | J8: 2026070000460 DEL 06/02/2026
I9: TÉRMINO: | J9: 6 MESES
I10: DECRETO DE MODIFICACIÓN (No. / Fecha): | J10: N/A
I11: DECRETO DE PRÓRROGA (No. / Fecha): | J11: N/A
I12: DECRETO RETORNO A LA NORMALIDAD (No. / Fecha): | J12: N/A
A13: FASES DE LA EMERGENCIA | B13: OBJETIVOS | C13: SERVICIOS BÁSICOS DE RESPUESTA / LÍNEAS DE INTERVENCIÓN | D13: ID | E13: SECTOR (ES) / TERRITORIO (S) | F13: ACTIVIDADES | H13: RESULTADOS ESPERADOS | I13: ENTIDADES RESPONSABLES DE LAS ACTIVIDADES | J13: ENTIDADES QUE APOYARÁN LAS ACTIVIDADES
A14: FASE DE RESPUESTA | B14: Garantizar la atención oportuna y efectiva en la fase de respuesta a la emergencia presentada en el departamento de Antioquia, mediante el establecimiento y la activación de los servicios básicos de respuesta conforme a las líneas de intervención requeridas para el control y atención del evento, ejecutando las actividades definidas dentro de los términos establecidos en la declaratoria de calamidad pública. | C14: Activación Sala de Crisis y Puesto de Mando Unificado (PMU) | D14: FR1 | E14: DAGRAN | F14: 1. Centro de coordinación general Ley 1523 de 2012: “Por el cual se adopta la política nacional de gestión del riesgo de desastres y se establece el sistema nacional de gestión del riesgo de desastres y se dictan otras disposiciones” | H14: 1. Adoptar el marco normativo de la Ley 1523 de 2012, con el fin de coordinar de manera eficaz todas las acciones necesarias en cada sector para dar la respuesta inmediata a las afectaciones presentadas por las emergencias presentadas en varios municipios del Departamento 2. Brindar las herramientas tecnológicas necesarias para la recepción, consolidación, entrega de informes, difusión de la información y toma de decisiones administrativas y operativas que se presenten en la Sala de Crisis. | I14: DAGRAN | J14: CDGRD TODOS LOS SECTORES. MESA INTERSECTORIAL, GRUPOS OPERATIVOS, MUNICIPIOS
C15: EDAN Evaluación de Daños y Análisis de Necesidades | D15: FR2 | E15: DAGRAN | F15: 1. Desarrollar la Evaluación de Daños y Análisis de Necesidades - EDAN de todos los sectores que reportan afectación por eventos ocasionados por las fuertes lluvias presentadas en la subregion del Urabá, bajo cauca y suroeste.( Urrao, Zaragoza, El Bagre, Vigia del Fuerte , Murindo, Chigorodó, Carepa, Apartadó. Turbo, San Pedro de Uraba, Necoclí, San Juan de Uraba, Arboletes) | H15: Contar con información precisa, verificada y sistematizada sobre los daños ocasionados por el evento, manera que sea posible identificar claramente las zonas afectadas, la magnitud del impacto y las necesidades priorizadas de la población y de la infraestructura. | I15: DAGRAN | J15: CDGRD TODOS LOS SECTORES. MESA INTERSECTORIAL, GRUPOS OPERATIVOS, MUNICIPIOS
C16: RUD:Registro Único de Damnificados y Afectados | D16: FR3 | E16: MUNICIPIOS | F16: Levantamiento de la información de los sectores y la población damnificada (registro único de damnificados - RUD) con el fin de cualificar y cuantificar la población a intervenir. 1. Oficio solicitando apertura de RUD con cantidad de usuarios y contraseñas. | H16: Consolidar el registro de la población damnificada, mediante el registro y validación de la información en la plataforma del Registro Único de Damnificados (RUD), con el fin de priorizar la entrega de Ayudas Humanitarias de Emergencia (AHE) y orientar las acciones necesarias para formular estrategias de recuperación temprana y de desarrollo. Realizar el levantamiento detallado de la información sobre los daños ocasionados en términos de equipamientos, bienes y servicios, con el propósito de contar con una base técnica precisa que permita orientar la toma de decisiones y la planificación de intervenciones en las zonas afectadas. | I16: MUNICIPIOS | J16: CDGRD TODOS LOS SECTORES. MESA INTERSECTORIAL, GRUPOS OPERATIVOS, MUNICIPIOS
C17: Marco Legal | D17: FR4 | E17: Juridica, Planeación, DAGRAN | F17: 1. Expedición de Decreto de Calamidad Pública Departamental soportado en los decretos de Calamidad Publica Municipales. 2. Formulación y seguimiento del Plan de Acción Especifico (PAE) para la respuesta y recuperación. 3. Generar solicitudes de apoyo bajo los principios de concurrencia, complementariedad y subsidiariedad a la Nación según reportes presentados en la sala de crisis. 4. Centro de coordinación general Ley 1523 de 2012 y utilizar las medidads especiales (Capitulo 7 de la Ley en mención en el marco del Decreto. 5. Expedicion de notificaciones para las familias que se encuentren en zonas de alto riesgo CAPÍTULO. VII Régimen Especial para Situaciones de Desastre y Calamidad Pública | H17: 1. Artículo 68. Imposición de servidumbres: Parágrafo. La imposición de servidumbres se hará mediante acto administrativo motivado, en el cual se fijará el valor de la indemnización que corresponde y se notificará al propietario, poseedor o tenedor del inmueble, quien podrá interponer únicamente el recurso de reposición. Contra dicho acto procederán las acciones contencioso-administrativas del caso. 2. Artículo 69. Ocupación temporal de inmuebles. Parágrafo 1°. La ocupación temporal debe ser ordenada por la autoridad pública competente y se deben otorgar garantías de notificación y posibilidad de elevar recursos. Las entidades públicas o privadas encargadas de las labores de manejo de desastres acatarán las disposiciones ordenadas para la ocupación temporal. En el caso de las entidades privadas, su actuación será realizada como particulares en ejercicio de funciones públicas, para esto serán investidos temporalmente de esas funciones públicas de ocupación por la autoridad pública competente. Parágrafo 2°. La ocupación temporal deberá limitarse al espacio y tiempo estrictamente indispensables y causar el menor daño posible, el cual deberá ser reparado de manera expedita y completa. De igual manera se cancelarán las expensas en las que haya incurrido el propietario, poseedor o tenedor por causa de la ocupación temporal. Artículo 70. Procedimiento y condiciones de la ocupación Artículo 71. Acciones contencioso-administrativas y todas las demás contenidas el capitulo CAPÍTULO. VII Régimen Especial para Situaciones de Desastre y Calamidad Pública | I17: Juridica, Planeacion y DAGRAN | J17: CDGRD TODOS LOS SECTORES. MESA INTERSECTORIAL, GRUPOS OPERATIVOS, MUNICIPIOS
C18: Salud | D18: FR 5 | E18: SALUD | F18: Activación del Centro Regulador de Urgencias, Emergencias y Desastres (CRUE), para atender los requerimientos de traslado de pacientes lesionados y/o traslado helicoportado | H18: Coordinar de manera rápida y eficiente los traslados de pacientes lesionados, tanto terrestres como helicoportados, asegurando una respuesta oportuna, segura y articulada entre las instituciones de salud y los organismos de emergencia, con el fin de garantizar la atención adecuada del paciente y optimizar los recursos disponibles. | I18: SECRETARIA DE SALUD DEPARTAMENTAL | J18: CDGRD TODOS LOS SECTORES. MESA INTERSECTORIAL, GRUPOS OPERATIVOS, MUNICIPIOS
D19: FR 6 | E19: SALUD | F19: Establecer coordinación con los CMGRD de los municipios , para articular las acciones de respuesta frente a las necesidades puntuales presentadas en cada territorio. . | H19: Coordinación efectiva con los CMGRD de los municipios, permitiendo la articulación oportuna de acciones de respuesta en temas de salud frente a las necesidades específicas de cada territorio, asegurando información unificada, toma de decisiones conjunta y una intervención rápida y coherente ante las situaciones presentadas. | I19: SECRETARIA DE SALUD DEPARTAMENTAL | J19: CDGRD TODOS LOS SECTORES. MESA INTERSECTORIAL, GRUPOS OPERATIVOS, MUNICIPIOS
D20: FR 7 | E20: SALUD | F20: Realizar el monitoreo de afectaciones sanitarias, hospitalarias y comunitarias. | H20: El seguimiento continuo y preciso de las afectaciones sanitarias, hospitalarias y comunitarias, permitiendo identificar oportunamente riesgos, daños y necesidades prioritarias, con el fin de orientar decisiones rápidas y acciones de respuesta que garanticen la protección de la salud y el bienestar de la población. | I20: SECRETARIA DE SALUD DEPARTAMENTAL | J20: CDGRD TODOS LOS SECTORES. MESA INTERSECTORIAL, GRUPOS OPERATIVOS, MUNICIPIOS
D21: FR 8 | E21: SALUD | F21: Comunicación interinstitucional (EPS, IPS, organismos de socorro, del Departamenyo y alcaldías). | H21: fortalece la comunicación interinstitucional entre EPS, IPS, organismos de socorro, dependencias del departamento y alcaldías, garantizando el flujo oportuno y confiable de información para coordinar acciones de respuesta, unificar criterios y facilitar la toma de decisiones frente a las situaciones presentadas. | I21: SECRETARIA DE SALUD DEPARTAMENTAL | J21: CDGRD TODOS LOS SECTORES. MESA INTERSECTORIAL, GRUPOS OPERATIVOS, MUNICIPIOS
D22: FR 9 | E22: SALUD | F22: Realizar la Atención prehospitalaria y atención de urgencias | H22: Garantizar la prestación oportuna y adecuada de la atención prehospitalaria y de urgencias, asegurando la estabilización inicial de los pacientes, su valoración clínica inmediata y el manejo seguro según la gravedad, contribuyendo a reducir complicaciones y mejorar los tiempos de respuesta en situaciones de emergencia. | I22: SECRETARIA DE SALUD DEPARTAMENTAL | J22: CDGRD TODOS LOS SECTORES. MESA INTERSECTORIAL, GRUPOS OPERATIVOS, MUNICIPIOS
D23: FR 10 | E23: SALUD | F23: Vigilancia epidemiológica en salud pública, Intensificación de la vigilancia de enfermedades asociadas a inundaciones:Enfermedad diarreica aguda (EDA), Enfermedades respiratorias agudas (IRA), Dengue, chikunguña, zika, Leptospirosis. | H23: Asegura la detección oportuna de eventos de interés en salud pública mediante la recolección, análisis y reporte continuo de información epidemiológica, permitiendo identificar riesgos, activar respuestas tempranas y orientar decisiones basadas en evidencia para la protección de la población. | I23: SECRETARIA DE SALUD DEPARTAMENTAL | J23: CDGRD TODOS LOS SECTORES. MESA INTERSECTORIAL, GRUPOS OPERATIVOS, MUNICIPIOS
D24: FR 11 | E24: SALUD | F24: Salud mental y apoyo psicosocial para las familias damnificadas y grupos de apoyo que estn acompañando la emergencia | H24: Brindar acompañamiento en salud mental y apoyo psicosocial a las familias damnificadas y a los grupos de apoyo que intervienen en la emergencia, promoviendo la contención emocional, la reducción del estrés agudo y el fortalecimiento de capacidades de afrontamiento, con el fin de mitigar el impacto psicológico del evento y favorecer el bienestar y la recuperación de las personas afectadas. | I24: SECRETARIA DE SALUD DEPARTAMENTAL | J24: CDGRD TODOS LOS SECTORES. MESA INTERSECTORIAL, GRUPOS OPERATIVOS, MUNICIPIOS
D25: FR 12 | E25: SALUD | F25: Protección de poblaciones vulnerables con Atención prioritaria a: Niños y niñas, Gestantes y lactantes, Personas con discapacidad. | H25: Garantiza la atención prioritaria y diferenciada a niños y niñas, gestantes y lactantes, y personas con discapacidad, mediante acciones de protección, acompañamiento y provisión de servicios esenciales, asegurando su integridad física y emocional, reduciendo riesgos asociados a la emergencia y promoviendo condiciones adecuadas para su bienestar y recuperación. | I25: SECRETARIA DE SALUD DEPARTAMENTAL | J25: CDGRD TODOS LOS SECTORES. MESA INTERSECTORIAL, GRUPOS OPERATIVOS, MUNICIPIOS
D26: FR 13 | E26: SALUD | F26: Intervención de la infraestructura y servicios de salud, Evaluación de daños en hospitales y centros de salud, Garantizar continuidad de servicios esenciales, Habilitar áreas temporales de atención si las IPS quedan inoperativas, Asegurar medicamentos esenciales y dispositivos médicos. | H26: Restablece y optimiza la infraestructura y los servicios de salud afectados, mediante acciones de evaluación, reparación y adecuación funcional, garantizando la continuidad operativa de la red asistencial, la seguridad de pacientes y personal, y la disponibilidad de servicios esenciales para responder adecuadamente a la emergencia. | I26: SECRETARIA DE SALUD DEPARTAMENTAL | J26: CDGRD TODOS LOS SECTORES. MESA INTERSECTORIAL, GRUPOS OPERATIVOS, MUNICIPIOS
D27: FR 14 | E27: SALUD | F27: Establecer la Comunicación del riesgo con Mensajes claros a la comunidad sobre:Medidas de higiene, entre otras comunicaciones dentro de otras campañas comunicacionales de prevención | H27: Garantizar la comunicación del riesgo mediante la difusión de mensajes claros y oportunos a la comunidad sobre medidas de higiene y otras orientaciones preventivas, promoviendo la comprensión de la situación, la adopción de comportamientos seguros y la reducción de riesgos sanitarios, a través de campañas coherentes y articuladas con las demás acciones de respuesta. | I27: SECRETARIA DE SALUD DEPARTAMENTAL | J27: CDGRD TODOS LOS SECTORES. MESA INTERSECTORIAL, GRUPOS OPERATIVOS, MUNICIPIOS
D28: FR 15 | E28: SALUD | F28: Agua potable, saneamiento y control ambiental, Evaluación de sistemas de acueducto y saneamiento, Control de calidad del agua en albergues y comunidades afectadas. | H28: Evalúan y fortalecen los sistemas de acueducto y saneamiento en las zonas afectadas, garantizando el control de la calidad del agua en albergues y comunidades, con el fin de asegurar el acceso a agua potable, reducir riesgos sanitarios y prevenir enfermedades asociadas a deficiencias en saneamiento y condiciones ambientales. Si deseas, puedo ayudarte a | I28: SECRETARIA DE SALUD DEPARTAMENTAL | J28: CDGRD TODOS LOS SECTORES. MESA INTERSECTORIAL, GRUPOS OPERATIVOS, MUNICIPIOS
D29: FR 16 | E29: SALUD | F29: Gestionar, aprovisionar y habilitar soluciones de albergue temporal seguro mediante la identificación de espacios adecuados, la adquisición de insumos esenciales para habitabilidad (colchonetas, frazadas, kits de descanso, elementos de higiene y suministros básicos), y la implementación de condiciones mínimas de protección, salubridad y accesibilidad para garantizar la atención inmediata de las familias autoalbergadas y evacuadas, conforme a los lineamientos del Sistema Nacional de Gestión del Riesgo de Desastres y los estándares humanitarios aplicables. | H29: Garantizar condiciones mínimas de bienestar, seguridad, salud y dignidad para las familias albergadas, mediante la provisión oportuna y adecuada de servicios básicos, apoyo psicosocial, alojamiento temporal seguro y acceso a los elementos esenciales definidos en los estándares de respuesta humanitaria, en cumplimiento del deber estatal de protección y atención establecido en la Ley 1523 de 2012. | I29: SECRETARIA DE SALUD DEPARTAMENTAL | J29: CDGRD TODOS LOS SECTORES. MESA INTERSECTORIAL, GRUPOS OPERATIVOS, MUNICIPIOS
C30: Subsidios de arrendamiento Temporal | D30: FR17 | E30: DAGRAN | F30: Gestionar los recursos necesarios para pagos de subsidio de arrendamientos y ejecutar la adquisición de insumos esenciales (kits de alojamiento, alimentación, higiene y elementos básicos de habitabilidad) para garantizar la atención inmediata de las familias autoalbergadas y evacuadas de las zonas afectadas, asegurando la disponibilidad oportuna de los recursos y su distribución según los criterios de priorización establecidos. | H30: Garantizar el restablecimiento inmediato de las condiciones mínimas de bienestar, seguridad y dignidad de las familias damnificadas mediante la asignación oportuna del subsidio de arrendamiento, asegurando su acceso a una solución temporal de vivienda segura mientras se superan los efectos de la emergencia y se avanzan en los procesos de recuperación. | I30: DAGRAN UNGRD | J30: CDGRD TODOS LOS SECTORES. MESA INTERSECTORIAL, GRUPOS OPERATIVOS, MUNICIPIOS
C31: Ayuda Humanitaria Alimentaria y No Alimentaria | D31: FR18 | E31: DAGRAN | F31: Brindar la asistencia humanitaria de emergencia a las comunidades damnificadas por lluvias. | H31: garantizar la entrega oportuna, eficiente y transparente de las Ayudas Humanitarias de Emergencia (AHE) a las comunidades damnificadas por las inundaciones, asegurando que los apoyos lleguen directamente a la población afectada y contribuyan a cubrir sus necesidades inmediatas. Gestionar la adquisición de ayudas humanitarias suficientes y adecuadas, de acuerdo con los criterios técnicos y los niveles de afectación identificados, con el fin de asegurar que los insumos entregados beneficien de manera directa y efectiva a las personas damnificadas. Garantizar la atención integral y prioritaria a la población afectada por las lluvias, articulando acciones que permitan proteger su vida, su salud, su integridad y sus condiciones mínimas de bienestar mientras se superan los efectos de la emergencia. | I31: DAGRAN UNGRD | J31: CDGRD TODOS LOS SECTORES. MESA INTERSECTORIAL, GRUPOS OPERATIVOS, MUNICIPIOS
C32: Sector Educación | D32: FR19 | E32: EDUCACIÓN | F32: Evaluación rápida de daños y necesidades educativas, Daños en aulas, baños, cocinas, comedores, zonas deportivas, Pérdida de mobiliario (mesas, sillas, tableros, computadores), Pérdida de materiales pedagógicos y archivos académicos, Identificación del número de estudiantes desescolarizados o desplazados, Priorización de instituciones con mayores afectaciones. | H32: Obtener una evaluación rápida, completa y confiable de los daños y necesidades del sector educativo, identificando las afectaciones en aulas, baños, cocinas, comedores y zonas deportivas, así como la pérdida de mobiliario, materiales pedagógicos y archivos académicos. Asimismo, se cuantifica el número de estudiantes desescolarizados o desplazados y se priorizan las instituciones con mayores niveles de afectación, permitiendo orientar decisiones inmediatas y definir acciones de recuperación y restablecimiento del servicio educativo en los territorios impactados. | I32: Secretaria de educación | J32: CDGRD - UNGRD MINISTERIOS DE EDUCACIÓN
D33: FR20 | E33: EDUCACIÓN | F33: Garantizar la continuidad del derecho a la educación, Aulas temporales (carpas, espacios comunitarios, módulos prefabricados), Reubicación de estudiantes en instituciones cercanas, Modelos flexibles semipresenciales o guías impresas cuando no hay conectividad. | H33: Asegura la continuidad del derecho a la educación de los estudiantes afectados por la emergencia mediante la implementación de aulas temporales —como carpas, espacios comunitarios o módulos prefabricados—, la reubicación de estudiantes en instituciones educativas cercanas y la adopción de modelos flexibles semipresenciales o mediante guías impresas en zonas sin conectividad. Estas acciones permiten mantener los procesos formativos, reducir la desescolarización y garantizar condiciones mínimas de acceso educativo mientras se restablece la infraestructura afectada. | I33: Secretaria de educación DAGRAN | J33: CDGRD - UNGRD MINISTERIOS DE EDUCACIÓN
D34: FR21 | E34: EDUCACIÓN | F34: Reposición urgente de mobiliario y materiales educativos, Kits escolares para estudiantes, Kits pedagógicos para docentes. | H34: Garantizar la reposición oportuna del mobiliario y los materiales educativos afectados por la emergencia mediante la entrega de kits escolares para estudiantes y kits pedagógicos para docentes, asegurando la disponibilidad de los recursos básicos necesarios para el desarrollo de las actividades educativas y contribuyendo a la pronta normalización de los procesos de enseñanza y aprendizaje en las instituciones impactadas. | I34: Secretaria de educación | J34: CDGRD - UNGRD MINISTERIOS DE EDUCACIÓN
D35: FR22 | E35: EDUCACIÓN | F35: Atención psicosocial y recuperación emocional, Atención a niños, adolescentes, docentes y familias, talleres sobre manejo del estrés post-desastre. | H35: Se brinda atención psicosocial oportuna a niños, adolescentes, docentes y familias afectadas por la emergencia, mediante espacios de acompañamiento emocional y la realización de talleres sobre manejo del estrés post‑desastre. Estas acciones permiten mitigar el impacto psicológico del evento, fortalecer las capacidades de afrontamiento y promover la recuperación emocional de la comunidad educativa. | I35: Secretaria de educación | J35: CDGRD - UNGRD MINISTERIOS DE EDUCACIÓN
D36: FR23 | E36: EDUCACIÓN | F36: Protección y permanencia escolar, reparación de techos, pisos, cableado, baños.Reconstrucción parcial o total de escuelas colapsadas. | H36: Garantiza la protección y permanencia escolar mediante la reparación de techos, pisos, cableado, baños y demás áreas afectadas, así como la reconstrucción parcial o total de las escuelas que colapsaron durante la emergencia. Estas acciones permiten restablecer condiciones seguras y adecuadas para el desarrollo de las actividades educativas, favoreciendo el retorno progresivo de los estudiantes y la continuidad de los procesos de aprendizaje en instituciones resilientes y funcionales. | I36: Secretaria de educación | J36: CDGRD - UNGRD MINISTERIOS DE EDUCACIÓN
C37: Sector Vivienda | D37: FR24 | E37: VIVA | F37: Disposición de lote para la reubicacion de viviendas destruidas y semidestruidas, y alto riesgo no mitigable, acorde con los lineamientos del EOT. | H37: Adelantar la viabilidad financiera para la formulación y ejecución de un proyecto de construcción de vivienda nueva para las familias afectadas por eventos asociados a las lluvias. | I37: VIVA | J37: CDGRD - UNGRD MINISTERIO DE VIVIENDA
D38: FR25 | E38: VIVA | F38: Implementar acciones para la construcción de viviendas dignas y seguras dirigidas a las familias cuyas viviendas fueron destruidas o se encuentran ubicadas en zonas de alto riesgo no mitigable, mediante la identificación de beneficiarios, gestión de recursos, articulación interinstitucional y desarrollo de proyectos habitacionales en áreas seguras. | H38: Garantizar el reasentamiento adecuado, la protección de la vida y la recuperación de las condiciones de habitabilidad de las familias afectadas por la emergencia. | I38: VIVA | J38: CDGRD - UNGRD MINISTERIO DE VIVIENDA
C39: Servicios Publicos Esenciales, Sector Ambiente y Desarrollo Sostenible Banco de materiales. | D39: FR26 | E39: AMBIENTE | F39: Apoyo para el restablecimiento de la prestación de los servicios públicos que fueron afectados. | H39: Apoyar el restablecimiento de los sistemas de acueducto, alcantarillado y aseo dañados por la emergencia. Con ello se facilita la recuperación operativa de los servicios públicos esenciales y se reduce el impacto sobre las comunidades afectadas. | I39: AMBIENTE | J39: CDGRD Y UNGRD
C40: Servicios Publicos Esenciales Sector Ambiente y Desarrollo Sostenible. | D40: FR28 | E40: AMBIENTE | F40: Brindar acompañamiento técnico para la implementación de las acciones necesarias que permitan garantizar la prestación de los servicios públicos de acueducto, alcantarillado y aseo durante la situación de emergencia, considerando los reportes y diagnósticos iniciales de los sistemas afectados. 10 acueductos afectados | H40: Coordinar el acompañamiento técnico y operativo para asegurar la continuidad y restablecimiento de los servicios públicos de acueducto, alcantarillado y aseo en situación de emergencia, a partir de los reportes y diagnósticos iniciales de los sistemas afectados. | I40: AMBIENTE | J40: CDGRD Y UNGRD
C41: Servicios Publicos Esenciales Saneamiento Básico | D41: FR29 | E41: AMBIENTE | F41: Definición de la Estrategia para la prestacion del servicios de aseo (recolección de residuos sólidos). Teniendo en cuenta las afectaciones en materia de movilidad y acceso a los municipios de San Juan, ARBOLETES Y San Pedro de Uraba. | H41: Coordinar la prestación del servicio de aseo (Recolección y Disposición adecuada de los residuos sólidos) | I41: AMBIENTE Y LAS CORPORACIONES | J41: CDGRD TODOS LOS SECTORES. MESA INTERSECTORIAL, MUNICIPIOS
C42: Servicios Publicos Esenciales Energia Gas | D42: FR30 | E42: AMBIENTE | F42: Coordinar y ejecutar las acciones necesarias para la activación y restablecimiento de los servicios públicos de gas domiciliario y energía eléctrica en los municipios afectados que presentan interrupción de vías, mediante articulación con las empresas prestadoras, evaluación de daños, implementación de alternativas técnicas de acceso y priorización de sectores críticos, con el fin de garantizar la continuidad del suministro y reducir riesgos asociados a la falta de estos servicios esenciales. | H42: Coordinar el restablecimiento oportuno y seguro de los servicios públicos de gas domiciliario y energía eléctrica en los municipios afectados que presentan interrupción de vías, gracias a la coordinación efectiva con las empresas prestadoras, la evaluación técnica de daños y la implementación de alternativas de acceso y atención en sectores críticos. Con ello se asegura la continuidad del suministro, se reducen los riesgos asociados a la falta de estos servicios esenciales y se fortalecen las condiciones de bienestar y seguridad de las comunidades impactadas por la emergencia. | I42: AMBIENTE | J42: CDGRD TODOS LOS SECTORES. MESA INTERSECTORIAL, GRUPOS OPERATIVOS, MUNICIPIOS
C43: Animales en Situación de Emergencia | D43: FR31 | E43: AMBIENTE | F43: Apoyo en la asistencia veterinaria para los animales afectados por la emergencia y protección animal, con alimentación, cuidado básico y reubicación temporal cuando sea necesario, en articulación con las autoridades competentes y los organismos de gestión del riesgo. | H43: Brindar la atención integral y oportuna de los animales afectados por la emergencia, asegurando su rescate, protección y asistencia veterinaria inmediata. Asimismo, se pretende salvaguardar su bienestar mediante la provisión de alimentación, cuidado básico y, cuando sea necesario, su reubicación temporal en espacios seguros. De esta manera, se contribuye a mitigar los impactos de la emergencia tanto en la vida animal como en la salud pública, la convivencia comunitaria y el restablecimiento general de las condiciones del entorno. | I43: AMBIENTE | J43: CDGRD TODOS LOS SECTORES. MESA INTERSECTORIAL, GRUPOS OPERATIVOS, MUNICIPIOS
D44: FR32 | E44: AMBIENTE | F44: Atención veterinaria, realizar las Brigadas veterinarias para:Tratamiento de heridas, infecciones o hipotermia, Prevención de brotes zoonóticos post–inundación, Leptospirosis, Parvovirus, Enfermedades, Vacunación y desparasitación de emergencia. respiratorias. | H44: Brindar la atención veterinaria oportuna mediante brigadas especializadas que permiten tratar heridas, infecciones e hipotermia en los animales afectados, así como prevenir brotes zoonóticos post–inundación, incluyendo leptospirosis, parvovirus y enfermedades respiratorias. Con estas acciones se protege la salud animal y se reduce el riesgo sanitario para las comunidades, mediante vacunación y desparasitación de emergencia. | I44: AMBIENTE | J44: CDGRD TODOS LOS SECTORES. MESA INTERSECTORIAL, GRUPOS OPERATIVOS, MUNICIPIOS
D45: FR33 | E45: AMBIENTE | F45: Atención médico - veterinaria para apoyar a los municipios afectados por las lluvias en la atencion de los animales. | H45: Brindar atención médico‑veterinaria oportuna a los animales afectados en los municipios impactados por las lluvias, mediante valoración clínica, tratamiento de lesiones y enfermedades, y acciones preventivas para evitar brotes zoonóticos. Con ello se protege la salud animal, se reduce el riesgo sanitario para las comunidades y se fortalece la recuperación integral de los territorios afectados. | I45: AMBIENTE | J45: CDGRD TODOS LOS SECTORES. MESA INTERSECTORIAL, GRUPOS OPERATIVOS, MUNICIPIOS
D46: FR34 | E46: AMBIENTE | F46: Entrega de kits de bienestar animal: animales de compañía que se encuentren afectados por las lluvias con sus familias | H46: Brindar la entrega oportuna de kits de bienestar animal a las familias con animales de compañía afectados por las lluvias, proporcionando insumos básicos para su cuidado, alimentación, protección y salud. Con ello se contribuye a reducir el impacto de la emergencia sobre los animales, apoyar a las familias damnificadas y fortalecer el bienestar integral en los territorios afectados. | I46: AMBIENTE | J46: CDGRD TODOS LOS SECTORES. MESA INTERSECTORIAL, GRUPOS OPERATIVOS, MUNICIPIOS
C47: Medios de vida sector agricola | D47: FR35 | E47: DESARROLLO ECONOMICO | F47: Brindar atención inmediata a los animales afectados por la emergencia mediante la entrega de ayudas veterinarias y alimentarias, realizando acciones de valoración, tratamiento básico, estabilización y suministro de insumos esenciales, con el fin de proteger su bienestar, prevenir complicaciones de salud y apoyar a las familias damnificadas en el cuidado de sus animales durante la situación de crisis. | H47: Asegura la atención inmediata a los animales afectados mediante la entrega de ayudas veterinarias y alimentarias, garantizando su estabilización, protección y abastecimiento básico. Estas acciones contribuyen a reducir el sufrimiento animal, prevenir complicaciones de salud y apoyar a las familias damnificadas en el cuidado de sus animales durante la emergencia. | I47: DESARROLLO ECONOMICO - AGRICULTIRA | J47: CDGRD- UNGRD MINISTERIO DE AGRICULTURA
D48: FR36 | E48: DESARROLLO ECONOMICO | F48: Implementar acciones de reactivación agrícola en los municipios afectados mediante la entrega de semillas e insumos prioritarios, junto con la provisión de asistencia técnica especializada, con el fin de restablecer la producción, fortalecer las capacidades de los agricultores y promover la recuperación sostenible de los sistemas agrícolas impactados por la emergencia. | H48: Impulsa la recuperación de la producción agrícola en las zonas afectadas mediante la entrega oportuna de semillas, insumos y la provisión de asistencia técnica especializada, permitiendo restablecer los cultivos, mejorar la capacidad productiva de los agricultores y contribuir a la seguridad alimentaria y reactivación económica de las familias rurales. | I48: DESARROLLO ECONOMICO - AGRICULTIRA | J48: CDGRD- UNGRD MINISTERIO DE AGRICULTURA
D49: FR37 | E49: DESARROLLO ECONOMICO | F49: Desarrollar acciones para la recuperación pecuaria en los municipios afectados mediante la reposición de animales y el acompañamiento técnico necesario, con el fin de restablecer los sistemas productivos, apoyar a las familias campesinas en la reactivación de sus medios de vida y reducir el impacto generado por la emergencia sobre la producción pecuaria. | H49: Fortalecer la recuperación pecuaria en las zonas afectadas mediante la reposición de animales y el apoyo técnico necesario para restablecer los sistemas productivos, permitiendo a las familias campesinas retomar sus actividades económicas, mejorar su seguridad alimentaria y reducir el impacto generado por la emergencia sobre sus medios de vida. | I49: DESARROLLO ECONOMICO - AGRICULTIRA | J49: CDGRD- UNGRD MINISTERIO DE AGRICULTURA
D50: FR38 | E50: DESARROLLO ECONOMICO | F50: Gestionar y promover el acceso a créditos, alivios financieros y seguros dirigidos a las familias, productores y unidades económicas afectados por la emergencia, articulando con las entidades financieras y aseguradoras para facilitar la implementación de mecanismos de apoyo económico que permitan mitigar pérdidas, reactivar actividades productivas y fortalecer la resiliencia financiera del territorio. | H50: Facilita el acceso de las familias y productores afectados a créditos, alivios financieros y seguros, permitiendo contar con herramientas económicas para mitigar pérdidas, reactivar sus actividades productivas y fortalecer su estabilidad económica tras la emergencia. Estas medidas contribuyen a la recuperación sostenible del territorio y a la reducción de la vulnerabilidad financiera de la población. | I50: DESARROLLO ECONOMICO - AGRICULTIRA | J50: CDGRD- UNGRD MINISTERIO DE AGRICULTURA
D51: FR39 | E51: DESARROLLO ECONOMICO | F51: Brindar asistencia técnica especializada a los productores afectados para la reconstrucción y restablecimiento de sus sistemas productivos, mediante el acompañamiento en prácticas de rehabilitación, manejo adecuado de suelos, recuperación de áreas cultivadas y reactivación de procesos pecuarios y agrícolas, con el fin de fortalecer la capacidad productiva del territorio y acelerar la recuperación económica tras la emergencia. | H51: Fortalece la reconstrucción de los sistemas productivos afectados mediante la provisión de asistencia técnica especializada, permitiendo a los productores recuperar sus capacidades, implementar prácticas adecuadas de rehabilitación y reactivar de forma sostenible sus actividades agrícolas, pecuarias o económicas, contribuyendo a la recuperación integral del territorio. | I51: DESARROLLO ECONOMICO - AGRICULTIRA | J51: CDGRD- UNGRD MINISTERIO DE AGRICULTURA
C52: Sector Económico Turismo | D52: FR40 | E52: DESARROLLO ECONOMICO | F52: Gestionar y promover la implementación de líneas de crédito con tasas diferenciales dirigidas a las personas que perdieron sus pequeños negocios en las zonas de playa debido al mar de leva, articulando con entidades financieras y programas de apoyo económico para facilitar el acceso a recursos blandos que permitan la recuperación de sus actividades comerciales, la reactivación de ingresos y el fortalecimiento de su estabilidad económica tras la emergencia. | H52: Facilita la recuperación económica de las personas que perdieron sus pequeños negocios en las zonas de playa afectadas por el mar de leva, mediante el acceso efectivo a líneas de crédito con tasas diferenciales. Con ello se garantiza que los afectados cuenten con recursos financieros oportunos y flexibles para reactivar sus actividades comerciales, restablecer sus ingresos y fortalecer su estabilidad económica tras la emergencia. Si deseas, también puedo ayudarte a integrarlo en tu matriz o redactar el objetivo asociado. | I52: DESARROLLOECONOMICO - TURISMO | J52: CDGRD Y UNGRD MINISTERIO DE TURISMO
D53: FR41 | E53: DESARROLLO ECONOMICO | F53: Implementar acciones de apoyo dirigidas a los microempresarios turísticos afectados por la emergencia, mediante la articulación de programas de fortalecimiento empresarial, acceso a incentivos económicos, capacitación y acompañamiento técnico, con el fin de facilitar la reactivación de sus negocios, recuperar su capacidad operativa y contribuir al restablecimiento de la actividad turística en las zonas impactadas. | H53: Facilitar la reactivación económica de los microempresarios turísticos afectados por la emergencia mediante el acceso efectivo a programas de fortalecimiento empresarial, incentivos económicos, procesos de capacitación y acompañamiento técnico. Con estas acciones, los microempresarios recuperan su capacidad operativa, reestablecen sus servicios y contribuyen a la recuperación progresiva de la actividad turística en las zonas impactadas. | I53: DESARROLLOECONOMICO - TURISMO | J53: CDGRD Y UNGRD MINISTERIO DE TURISMO
D54: FR42 | E54: DESARROLLO ECONOMICO | F54: Implementar la activación de ferias y mercados locales para impulsar la reactivación económica de los productores agrícolas afectados, promoviendo espacios de comercialización directa, articulando aliados institucionales y facilitando el acceso de los productores a consumidores y compradores, con el fin de fortalecer sus ingresos, dinamizar la economía local y apoyar la recuperación productiva tras la emergencia. | H54: Fortalecen los ingresos y la recuperación económica de los productores agrícolas afectados mediante la puesta en marcha de ferias y mercados locales, permitiendo la comercialización directa de sus productos, el acceso a nuevos compradores y la articulación con aliados institucionales. Estas acciones dinamizan la economía local y contribuyen a restablecer la actividad productiva tras la emergencia. | I54: DESARROLLOECONOMICO - TURISMO | J54: CDGRD Y UNGRD MINISTERIO DE TURISMO
C55: Transporte y Accesibilidad | D55: FR43 | E55: Secretaría de Infraestructura Fisica | F55: Ejecución de Obras de Infraestructura en Emergencia, Implementar acciones para garantizar la conectividad y movilidad de las personas damnificadas y afectadas por los eventos asociados a las lluvias en los municipios impactados, mediante la intervención, habilitación y mejoramiento de las vías estratégicas que presentan afectaciones —Carepa–Saiza, El Tres–San Pedro de Urabá, Apartadó–San José de Apartadó, zonas veredales de San Pedro de Urabá, San Pedro de Urabá–Pueblito, San Pedro de Urabá–San Juancito, Pueblito–Tres Esquinas y Pueblito–Filo Pancho— con el fin de restablecer el acceso a servicios esenciales como comercio, salud y educación, y asegurar la movilidad segura de las comunidades. | H55: Garantizar la conectividad y movilidad de las personas damnificadas y afectadas por los eventos asociados, presentados en los municipios afectados por las lluvias para el beneficio de su comercio, salud, educación, vias: Carepa – Saiza, El Tres - San Pedro de Urabá, Apartadó - San José de Apartadó, San Pedro de Urabá (veredales), San Pedro de Urabá – Pueblito, San Pedro de Urabá – San Juancito,Pueblito – Tres Esquinas (San Pedro de Urabá), Pueblito – Filo Pancho (San Pedro de Urabá) | I55: SIF | J55: CDGRD
D56: FR44 | E56: Secretaría de Infraestructura Fisica | F56: Intervención en puntos criticos viales Arboletes – El Tambito, San Pedro de Urabá – El Tambito, San Juan – San Juancito – Siete Hermanas (San Juan de Urabá), El Bobal – San Pedro de Urabá, Bocas del Rio – Turbo | H56: Mejorar la movilidad y se restablece la funcionalidad de las vías afectadas mediante la intervención oportuna de los puntos críticos en los tramos Arboletes–El Tambito, San Pedro de Urabá–El Tambito, San Juan–San Juancito–Siete Hermanas (San Juan de Urabá), El Bobal–San Pedro de Urabá y Bocas del Río–Turbo. Estas acciones permiten garantizar el acceso seguro de las comunidades, facilitar el transporte de bienes y servicios esenciales y apoyar la reactivación económica y social de los territorios impactados por la emergencia. | I56: SIF | J56: CDGRD
D57: FR45 | E57: Secretaría de Infraestructura Fisica | F57: Realizar Actividades de mantenimiento· Mantenimiento rutinario manual, Mantenimiento periódico mecánico, Mantenimiento periódico mecánico, Mejoramiento de base granular, Mejoramiento de base granular, Riego de afirmado, Intervención y limpieza de obras de drenaje, Intervención y limpieza de obras de drenaje | H57: Garantiza la mejora y funcionalidad de la red vial intervenida mediante la ejecución de actividades de mantenimiento rutinario manual, mantenimiento periódico mecánico, mejoramiento de la base granular, riego de afirmado y la intervención y limpieza de las obras de drenaje. Con estas acciones se asegura la transitabilidad, se reducen los riesgos de deterioro acelerado por las lluvias y se facilita la movilidad segura de las comunidades y el transporte de bienes y servicios esenciales. | I57: SIF | J57: CDGRD
D58: FR46 | E58: Secretaría de Infraestructura Fisica | F58: Recuperar la capacidad estructural y funcional de la vía, Tramo: El Tres – San Pedro de Urabá, realizando Conformación y perfilado de la vía, Mejoramiento de base granular, Riego y compactación de afirmado, Mantenimiento manual de cunetas y obras de drenaje, Obras de Contención y/o mitigación de puntos críticos y/o estabilización de taludes | H58: Recupera la capacidad estructural y funcional del tramo vial El Tres – San Pedro de Urabá mediante la ejecución de labores de conformación y perfilado de la vía, mejoramiento de la base granular, riego y compactación de afirmado, mantenimiento manual de cunetas y obras de drenaje, así como la implementación de obras de contención, mitigación de puntos críticos y estabilización de taludes. Estas intervenciones permiten garantizar la transitabilidad segura, reducir riesgos asociados a la inestabilidad del terreno y mejorar las condiciones de movilidad de las comunidades y del transporte de bienes y servicios esenciales. | I58: SIF | J58: CDGRD
D59: FR47 | E59: Secretaría de Infraestructura Fisica | F59: Recuperar la capacidad estructural y funcional de la vía, Tramo: San Pedro de Urabá – Pueblito, mediante la Rehabilitación superficial, Reposición de material granular, Mantenimiento rutinario y mecánico, Obras de Contención y/o mitigación de puntos críticos y/o estabilización de taludes | H59: Recuperar la capacidad estructural y funcional del tramo vial San Pedro de Urabá – Pueblito mediante la rehabilitación superficial de la vía, la reposición de material granular, el mantenimiento rutinario y mecánico, así como la ejecución de obras de contención, mitigación de puntos críticos y estabilización de taludes. Estas acciones permitirán mejorar la transitabilidad, reducir riesgos de afectación por inestabilidad y garantizar la movilidad segura de las comunidades y del transporte de bienes y servicios esenciales. | I59: SIF | J59: CDGRD
D60: FR48 | E60: Secretaría de Infraestructura Fisica | F60: Recuperar la capacidad estructural y funcional de la vía, Tramo: Caucheras – Bajirá, mediante el Mejoramiento estructural en sectores críticos, Estabilización de superficie de rodadura, Recuperación de drenajes laterales. | H60: Recuperar la capacidad estructural y funcional del tramo vial Caucheras – Bajirá mediante el mejoramiento estructural de los sectores críticos, la estabilización de la superficie de rodadura y la recuperación de los drenajes laterales. Estas intervenciones permiten garantizar la transitabilidad segura, disminuir los riesgos de afectación por inestabilidad y asegurar la movilidad de las comunidades, así como el transporte de bienes y servicios esenciales en la zona. | I60: SIF | J60: CDGRD
D61: FR49 | E61: Secretaría de Infraestructura Fisica | F61: Recuperar la capacidad estructural y funcional de la vía, Tramo: Mutatá – Pavarandó con intervenciones en Mantenimiento mecánico, Conformación de banca, Aporte y compactación de material | H61: Recupera la capacidad estructural y funcional del tramo vial Mutatá – Pavarandó mediante la ejecución de mantenimiento mecánico, la conformación de la banca y el aporte y compactación de material granular. Estas intervenciones permiten mejorar la transitabilidad, garantizar la movilidad segura de las comunidades, y asegurar el transporte adecuado de bienes y servicios esenciales en la zona afectada. | I61: SIF | J61: CDGRD
D62: FR50 | E62: Secretaría de Infraestructura Fisica | F62: Recuperar la transitabilidad de las siguientes vías: Vía San Pedro de Urabá – El Carmelo – El Tambito: remoción de deslizamientos y mantenimiento de vías, Vía Arboletes – El Tambito: atención a puntos críticos, Vía San Juancito – El Tigre – Siete Hermanas, Vía El Tres – San Pedro, Vía Mellitos – Tambito | H62: Recupera la capacidad estructural y funcional del tramo Vía San Pedro de Urabá – El Carmelo – El Tambito: remoción de deslizamientos y mantenimiento de vías, Vía Arboletes – El Tambito: atención a puntos críticos, Vía San Juancito – El Tigre – Siete Hermanas, Vía El Tres – San Pedro, Vía Mellitos – Tambito mediante la ejecución de mantenimiento mecánico, la conformación de la banca y el aporte y compactación de material granular. Estas intervenciones permiten mejorar la transitabilidad, garantizar la movilidad segura de las comunidades, y asegurar el transporte adecuado de bienes y servicios esenciales en la zona afectada. | I62: SIF | J62: CDGRD
D63: FR51 | E63: SIF UNGRD | F63: Intervención de Puentes sobre el rio Mulatos, Puente Rio San Juan | H63: Puentes rehabilitados conforme a diseños aprobados, con protecciones hidráulicas y capacidad de carga certificada, asegurando la continuidad de la movilidad en la jurisdicción del municpio San Juan de Urabá. | I63: SIF | J63: CDGRD
D64: FR52 | E64: SIF- DAGRAN - INVIAS- MUNICIPIO | F64: Gestión de maquinaria amarilla para las acciones de recuperación de la infraestructura vial afectada (Vías primaria, Vías terciarias, vías secundarias) | H64: La maquinaria amarilla necesaria es gestionada y operada oportunamente, permitiendo avanzar de manera eficiente en la recuperación de las vías primarias, secundarias y terciarias afectadas, hasta restablecer la movilidad y garantizar el acceso seguro a las zonas impactadas. | I64: SIF-MUNICIPIO-DAGRAN-INVIAS | J64: CDGRD TODOS LOS SECTORES. MESA INTERSECTORIAL, GRUPOS OPERATIVOS, MUNICIPIOS
D65: FR53 | E65: SIF- DAGRAN - INVIAS- MUNICIPIO | F65: Recuperación y estabilización de estructuras de puentes vehiculares y peatonales afectados por la inundacion | H65: Las estructuras de los puentes vehiculares y peatonales afectados quedan recuperadas y estabilizadas de manera segura, restableciendo su funcionalidad y garantizando el tránsito adecuado de la comunidad tras la inundación. | I65: SIF-MUNICIPIO-DAGRAN-INVIAS | J65: CDGRD TODOS LOS SECTORES. MESA INTERSECTORIAL, GRUPOS OPERATIVOS, MUNICIPIOS
D66: FR54 | E66: DAGRAN | F66: Intervenciones en los puntos críticos donde las fuentes hídricas depositaron material a lo largo de vías, puentes o estructuras hidráulicas | H66: Garantizar la capacidad y funcionalidad de obras hidraulicas ante el caudal de las fuentes de agua y los aumentos de forma significativa teniendo en cuenta nuevos afloramientos de agua evidenciados. | I66: DAGRAN LAS CORPORACIONES | J66: CDGRD UNGRD
C67: Maquinaria amarilla | D67: FR55 | E67: DAGRAN CORPORACIONES | F67: Reencauzamiento, limpieza y mantenimiento de cauce de las fuentes hidricas | H67: Habilitar y estabilizar los cauces de las fuentes hídricas mediante acciones de reencauzamiento, limpieza y mantenimiento, permitiendo mejorar el flujo del agua, reducir riesgos de desbordamientos y mitigar futuros impactos por eventos hidrometeorológicos, contribuyendo a la protección de las comunidades y a la recuperación ambiental de las áreas intervenidas. | I67: DAGRAN CORPORACIONES AUTONOMAS MUNICIPIOS | J67: CDGRD Y UNGRD
C68: Banco de materiales | D68: FR56 | E68: DAGRAN | F68: Gestionar los recursos para adquirir los materiales necesarios para las obras de mitigación que requieren respuesta inmediata | H68: Garantiza la disponibilidad oportuna de los materiales necesarios para ejecutar las obras de mitigación urgentes, permitiendo una respuesta rápida y efectiva que reduzca riesgos, proteja a la comunidad y asegure la continuidad de las acciones de intervención. | I68: DAGRAN | J68: CDGRD UNGRD
C69: Sector Ambiente y Desarrollo Sostenible | D69: FR57 | E69: DAGRAN CORPORACIONES | F69: Restauración de las Rondas hídricas implicadas en los eventos materializados en los municipios afectados y recuperación de los cauces de las cuencas con maquinaria amarilla y mano de obra | H69: Disponer del personal operativo necesario para las operaciones de reforestacion de las zonas degradadas y afectadas por los multiples eventos asociados a la temporada de lluvias los ultimos dias. Garantizar el flujo del agua de manera constante por el sector con el fin de evitar nuevos represamientos que conlleven a situaciones similares. | I69: DAGRAN MEDIO AMBIENTE | J69: CDGRD AUTORIDADES AMBIENTALES
C70: Gastos operativos | D70: FR58 | E70: DAGRAN | F70: Logistica de operaciones | H70: Poder garantizar las acciones de respuesta permanentemente frente a los gastos de combustible, refrigerios, transporte de ayudas humanitarias, transporte de funcionarios. | I70: DAGRAN | J70: CDGRD
C71: Información Pública | D71: FR59 | E71: COMUNICACIONES | F71: 1. Implementación de Tecnologías de la Información y Telecomunicaciones – TICs. 2. Garantizar las comunicaciones en el territorio para facilitar procesos inherentes a la Gestión del Riesgo. 3. Generar boletines de prensa oficiales y mantener comunicación constante de información al público en general, medios de comunicación, redes sociales. | H71: Mantener permanentemente la capacidad instalada de la red de telecomunicaciones. | I71: COMUNICACIONES Y DAGRAN | J71: COMUNICACIONES Y DAGRAN
C72: Información Pública | D72: FR60 | E72: COMUNICACIONES | F72: Comunicación estratégica de Emergencias y Tecnologías de la Información y Telecomunicaciones - Tics | H72: Mantener permanentemente informada a las comunidades, los grupos de socorro y demas entidades que lo requieran | I72: COMUNICACIONES Y DAGRAN | J72: COMUNICACIONES Y DAGRAN
C73: Transferencia de recursos | D73: FR61 | E73: DAGRAN | F73: Adquisición de Recursos, bajo los principios de precaucion, solidaridad social, sistémico, concurrencia y subsidiariedad, como fortalecimiento para la capacidad de atención a la emergencia de los grupos de socorro San Juan de Uraba, Necocli, Chigorodo, Arboletes, Turbo, Apartado, El Bagre, Defensa Civil | H73: Adquisición de recursos para obras de mitigación y/o desarrollo de actividades para la recuperación de la emergencia. | I73: DAGRAN | J73: UNGRD
A74: FIRMA DEL RESPONSABLE DEL PLAN PARA LA RESPUESTA A EMERGENCIAS _____________________________________________________________________________________
A75: Nota: El Plan para la Respuesta a Emergencias - PRE de las áreas afectadas, será de obligatorio cumplimiento por todas las entidades públicas o privadas que deban contribuir a su ejecución, en los términos señalados en la declaratoria y sus modificaciones. El Plan para la Respuesta a Emergencias - PRE una vez construido deberá ser socializado al CNGR/CDGRD o CMGRD

Sheet 2. PRESUPUESTO
C1: PLAN PARA LA RESPUESTA A EMERGENCIAS - PRE SERVICIOS BÁSICOS DE RESPUESTA LÍNEAS DE INTERVENCIÓN | K1: CÓDIGO: FR-1703-SMD-64 | L1: VERSIÓN: 01
C2: GESTIÓN MANEJO DE DESASTRES | K2: Hoja 2 de 4 | L2: Fecha: 18/03/2024
A3: PLAN PRESUPUESTO DEL PRE
A4: FECHA APROBACIÓN: | B4: FECHA ACTUALIZACIÓN: | C4: DEPARTAMENTO: | E4: MUNICIPIO: | F4: NOMBRE DEL PRESIDENTE (A) /GOBERNADOR (A) /ALCALDE (SA): | H4: DIRECTOR (A) UNGRD / COORDINADOR (A) CDGRD - CMGRD | I4: APROBÓ (CNGR /CDGRD /CMGRD): | J4: RESPONSABLE DEL SEGUIMIENTO:
A5: ='1. FASES_LINEAS_GENERALES'!A5 -> 00/00/000 | B5: ='1. FASES_LINEAS_GENERALES'!B5 -> 00/00/0000 | C5: ='1. FASES_LINEAS_GENERALES'!C5 -> ANTIOQUIA | E5: ='1. FASES_LINEAS_GENERALES'!D5 -> N/A | F5: ='1. FASES_LINEAS_GENERALES'!F5 -> ANDRÉS JULIÁN RENDÓN CARDONA | H5: ='1. FASES_LINEAS_GENERALES'!G5 -> OSCAR DANIEL GALEANO TAMAYO | I5: ='1. FASES_LINEAS_GENERALES'!H5 -> CDGRD | J5: ='1. FASES_LINEAS_GENERALES'!I5 -> SECRETARIA DE PLANEACIÓN DEPARTAMENTAL- DAGRAN
A6: ='1. FASES_LINEAS_GENERALES'!A6 -> Versión: 01 | B6: ='1. FASES_LINEAS_GENERALES'!B6 -> Versión: 00
A7: OBJETIVO GENERAL: | B7: ='1. FASES_LINEAS_GENERALES'!B7 -> Establecer y ejecutar las acciones necesarias para garantizar una respuesta oportuna, eficaz y articulada frente a la calamidad pública generada por los eventos de origen hidrometeorológico en el Departamento de Antioquia durante el año 2026, mediante la planeación, coordinación multisectorial y optimización de intervenciones preventivas, correctivas y de recuperación, orientadas a la reducción del riesgo, la mitigación de impactos sociales, económicos y ambientales, y el fortalecimiento operativo del Sistema Departamental de Gestión del Riesgo de Desastres, en cumplimiento de los lineamientos establecidos en la Ley 1523 de 2012. | J7: TIPO DE DECLARATORIA: | L7: ='1. FASES_LINEAS_GENERALES'!J7 -> CALAMIDAD PÚBLICA DEPARTAMENTAL
J8: NÚMERO Y FECHA: | L8: ='1. FASES_LINEAS_GENERALES'!J8 -> 2026070000460 DEL 06/02/2026
J9: TÉRMINO: | L9: ='1. FASES_LINEAS_GENERALES'!J9 -> 6 MESES
J10: DECRETO DE MODIFICACIÓN (No. / Fecha): | L10: ='1. FASES_LINEAS_GENERALES'!J10 -> N/A
J11: DECRETO DE PRÓRROGA (No. / Fecha): | L11: ='1. FASES_LINEAS_GENERALES'!J11 -> N/A
J12: DECRETO RETORNO A LA NORMALIDAD (No. / Fecha): | L12: ='1. FASES_LINEAS_GENERALES'!J12 -> N/A
A13: FASES DE LA EMERGENCIA | B13: SERVICIOS BÁSICOS DE RESPUESTA / LÍNEAS DE INTERVENCIÓN | C13: ID | D13: SECTOR (ES) / TERRITORIO (S) | E13: ACTIVIDADES | F13: ENTIDADES RESPONSABLES DE LAS ACTIVIDADES | G13: MUNICIPAL | H13: DEPARTAMENTAL | I13: NACIONAL | J13: SECTOR PRIVADO | K13: COOPERACIÓN | L13: TOTAL
A14: FASE DE RESPUESTA | B14: Activación Sala de Crisis y Puesto de Mando Unificado (PMU) | C14: ='1. FASES_LINEAS_GENERALES'!D14 -> FR1 | D14: DAGRAN | E14: 1. Centro de coordinación general Ley 1523 de 2012: “Por el cual se adopta la política nacional de gestión del riesgo de desastres y se establece el sistema nacional de gestión del riesgo de desastres y se dictan otras disposiciones” | F14: DAGRAN | G14: 0 | H14: 0 | I14: 0 | J14: 0 | K14: 0 | L14: =SUM(G14:K14) -> 0
B15: EDAN Evaluación de Daños y Análisis de Necesidades | C15: ='1. FASES_LINEAS_GENERALES'!D15 -> FR2 | D15: DAGRAN | E15: 1. Desarrollar la Evaluación de Daños y Análisis de Necesidades - EDAN de todos los sectores que reportan afectación por eventos ocasionados por las fuertes lluvias presentadas en la subregion del Urabá, bajo cauca y suroeste.( Urrao, Zaragoza, El Bagre, Vigia del Fuerte , Murindo, Chigorodó, Carepa, Apartadó. Turbo, San Pedro de Uraba, Necoclí, San Juan de Uraba, Arboletes) | F15: DAGRAN | G15: 0 | H15: 0 | I15: 0 | J15: 0 | K15: 0 | L15: =SUM(G15:K15) -> 0
B16: RUD:Registro Único de Damnificados y Afectados | C16: ='1. FASES_LINEAS_GENERALES'!D16 -> FR3 | D16: MUNICIPIOS | E16: Levantamiento de la información de los sectores y la población damnificada (registro único de damnificados - RUD) con el fin de cualificar y cuantificar la población a intervenir. 1. Oficio solicitando apertura de RUD con cantidad de usuarios y contraseñas. | F16: MUNICIPIOS | G16: 0 | H16: 0 | I16: 0 | J16: 0 | K16: 0 | L16: =SUM(G16:K16) -> 0
B17: Marco Legal | C17: ='1. FASES_LINEAS_GENERALES'!D17 -> FR4 | D17: Juridica, Planeación, DAGRAN | E17: 1. Expedición de Decreto de Calamidad Pública Departamental soportado en los decretos de Calamidad Publica Municipales. 2. Formulación y seguimiento del Plan de Acción Especifico (PAE) para la respuesta y recuperación. 3. Generar solicitudes de apoyo bajo los principios de concurrencia, complementariedad y subsidiariedad a la Nación según reportes presentados en la sala de crisis. 4. Centro de coordinación general Ley 1523 de 2012 y utilizar las medidads especiales (Capitulo 7 de la Ley en mención en el marco del Decreto. 5. Expedicion de notificaciones para las familias que se encuentren en zonas de alto riesgo CAPÍTULO. VII Régimen Especial para Situaciones de Desastre y Calamidad Pública | F17: Juridica, Planeacion y DAGRAN | G17: 0 | H17: 0 | I17: 0 | J17: 0 | K17: 0 | L17: =SUM(G17:K17) -> 0
B18: Salud | C18: ='1. FASES_LINEAS_GENERALES'!D18 -> FR 5 | D18: SALUD | E18: Activación del Centro Regulador de Urgencias, Emergencias y Desastres (CRUE), para atender los requerimientos de traslado de pacientes lesionados y/o traslado helicoportado | F18: SECRETARIA DE SALUD DEPARTAMENTAL | G18: 0 | H18: 1100000 | I18: 0 | J18: 0 | K18: 0 | L18: =SUM(G18:K18) -> 1100000
C19: ='1. FASES_LINEAS_GENERALES'!D19 -> FR 6 | D19: SALUD | E19: Establecer coordinación con los CMGRD de los municipios , para articular las acciones de respuesta frente a las necesidades puntuales presentadas en cada territorio. . | F19: SECRETARIA DE SALUD DEPARTAMENTAL | G19: 0 | H19: 650000 | I19: 0 | J19: 0 | K19: 0 | L19: =SUM(G19:K19) -> 650000
C20: ='1. FASES_LINEAS_GENERALES'!D20 -> FR 7 | D20: SALUD | E20: Realizar el monitoreo de afectaciones sanitarias, hospitalarias y comunitarias. | F20: SECRETARIA DE SALUD DEPARTAMENTAL | G20: 0 | H20: 540000 | I20: 0 | J20: 0 | K20: 0 | L20: =SUM(G20:K20) -> 540000
C21: ='1. FASES_LINEAS_GENERALES'!D21 -> FR 8 | D21: SALUD | E21: Comunicación interinstitucional (EPS, IPS, organismos de socorro, del Departamenyo y alcaldías). | F21: SECRETARIA DE SALUD DEPARTAMENTAL | G21: 0 | H21: 24723333 | I21: 0 | J21: 0 | K21: 0 | L21: =SUM(G21:K21) -> 24723333
C22: ='1. FASES_LINEAS_GENERALES'!D22 -> FR 9 | D22: SALUD | E22: Realizar la Atención prehospitalaria y atención de urgencias | F22: SECRETARIA DE SALUD DEPARTAMENTAL | G22: 0 | H22: 31197524 | I22: 0 | J22: 0 | K22: 0 | L22: =SUM(G22:K22) -> 31197524
C23: ='1. FASES_LINEAS_GENERALES'!D23 -> FR 10 | D23: SALUD | E23: Vigilancia epidemiológica en salud pública, Intensificación de la vigilancia de enfermedades asociadas a inundaciones:Enfermedad diarreica aguda (EDA), Enfermedades respiratorias agudas (IRA), Dengue, chikunguña, zika, Leptospirosis. | F23: SECRETARIA DE SALUD DEPARTAMENTAL | G23: 0 | H23: 350000000 | I23: 0 | J23: 0 | K23: 0 | L23: =SUM(G23:K23) -> 350000000
C24: ='1. FASES_LINEAS_GENERALES'!D24 -> FR 11 | D24: SALUD | E24: Salud mental y apoyo psicosocial para las familias damnificadas y grupos de apoyo que estan acompañando la emergencia | F24: SECRETARIA DE SALUD DEPARTAMENTAL | G24: 0 | H24: 432000000 | I24: 0 | J24: 0 | K24: 0 | L24: =SUM(G24:K24) -> 432000000
C25: ='1. FASES_LINEAS_GENERALES'!D25 -> FR 12 | D25: SALUD | E25: Protección de poblaciones vulnerables con Atención prioritaria a: Niños y niñas, Gestantes y lactantes, Personas con discapacidad. | F25: SECRETARIA DE SALUD DEPARTAMENTAL | G25: 0 | H25: 2100000000 | I25: 0 | J25: 0 | K25: 0 | L25: =SUM(G25:K25) -> 2100000000
C26: ='1. FASES_LINEAS_GENERALES'!D26 -> FR 13 | D26: SALUD | E26: Intervención de la infraestructura y servicios de salud, Evaluación de daños en hospitales y centros de salud, Garantizar continuidad de servicios esenciales, Habilitar áreas temporales de atención si las IPS quedan inoperativas, Asegurar medicamentos esenciales y dispositivos médicos. | F26: SECRETARIA DE SALUD DEPARTAMENTAL | G26: 0 | H26: 4559468000 | I26: 0 | J26: 0 | K26: 0 | L26: =SUM(G26:K26) -> 4559468000
C27: ='1. FASES_LINEAS_GENERALES'!D27 -> FR 14 | D27: SALUD | E27: Establecer la Comunicación del riesgo con Mensajes claros a la comunidad sobre:Medidas de higiene, entre otras comunicaciones dentro de otras campañas comunicacionales de prevención | F27: SECRETARIA DE SALUD DEPARTAMENTAL | G27: 0 | H27: 55300000 | I27: 0 | J27: 0 | K27: 0 | L27: =SUM(G27:K27) -> 55300000
C28: ='1. FASES_LINEAS_GENERALES'!D28 -> FR 15 | D28: SALUD | E28: Agua potable, saneamiento y control ambiental, Evaluación de sistemas de acueducto y saneamiento, Control de calidad del agua en albergues y comunidades afectadas. | F28: SECRETARIA DE SALUD DEPARTAMENTAL | G28: 0 | H28: 960000000 | I28: 0 | J28: 0 | K28: 0 | L28: =SUM(G28:K28) -> 960000000
C29: ='1. FASES_LINEAS_GENERALES'!D29 -> FR 16 | D29: SALUD | E29: Gestionar, aprovisionar y habilitar soluciones de albergue temporal seguro mediante la identificación de espacios adecuados, la adquisición de insumos esenciales para habitabilidad (colchonetas, frazadas, kits de descanso, elementos de higiene y suministros básicos), y la implementación de condiciones mínimas de protección, salubridad y accesibilidad para garantizar la atención inmediata de las familias autoalbergadas y evacuadas, conforme a los lineamientos del Sistema Nacional de Gestión del Riesgo de Desastres y los estándares humanitarios aplicables. | F29: SECRETARIA DE SALUD DEPARTAMENTAL | G29: 0 | H29: 80000000 | I29: 0 | J29: 0 | K29: 0 | L29: =SUM(G29:K29) -> 80000000
B30: Subsidios de arrendamiento Temporal | C30: ='1. FASES_LINEAS_GENERALES'!D30 -> FR17 | D30: DAGRAN | E30: Gestionar los recursos necesarios para pagos de subsidio de arrendamientos y ejecutar la adquisición de insumos esenciales (kits de alojamiento, alimentación, higiene y elementos básicos de habitabilidad) para garantizar la atención inmediata de las familias autoalbergadas y evacuadas de las zonas afectadas, asegurando la disponibilidad oportuna de los recursos y su distribución según los criterios de priorización establecidos. | F30: DAGRAN UNGRD | G30: 0 | H30: 1197000000 | I30: 0 | J30: 0 | K30: 0 | L30: =SUM(G30:K30) -> 1197000000
B31: Ayuda Humanitaria Alimentaria y No Alimentaria | C31: ='1. FASES_LINEAS_GENERALES'!D31 -> FR18 | D31: DAGRAN | E31: Brindar la asistencia humanitaria de emergencia a las comunidades damnificadas por lluvias. | F31: DAGRAN UNGRD | G31: 0 | H31: 12105730500 | I31: 0 | J31: 0 | K31: 0 | L31: =SUM(G31:K31) -> 12105730500
B32: Sector Educación | C32: ='1. FASES_LINEAS_GENERALES'!D32 -> FR19 | D32: EDUCACIÓN | E32: Evaluación rápida de daños y necesidades educativas, Daños en aulas, baños, cocinas, comedores, zonas deportivas, Pérdida de mobiliario (mesas, sillas, tableros, computadores), Pérdida de materiales pedagógicos y archivos académicos, Identificación del número de estudiantes desescolarizados o desplazados, Priorización de instituciones con mayores afectaciones. | F32: Secretaria de educación | G32: 0 | H32: 18000000 | I32: 0 | J32: 0 | K32: 0 | L32: =SUM(G32:K32) -> 18000000
C33: ='1. FASES_LINEAS_GENERALES'!D33 -> FR20 | D33: EDUCACIÓN | E33: Garantizar la continuidad del derecho a la educación, Aulas temporales (carpas, espacios comunitarios, módulos prefabricados), Reubicación de estudiantes en instituciones cercanas, Modelos flexibles semipresenciales o guías impresas cuando no hay conectividad. | F33: Secretaria de educación DAGRAN | G33: 0 | H33: 1650000000 | I33: 0 | J33: 0 | K33: 0 | L33: 0
C34: ='1. FASES_LINEAS_GENERALES'!D34 -> FR21 | D34: EDUCACIÓN | E34: Reposición urgente de mobiliario y materiales educativos, Kits escolares para estudiantes, Kits pedagógicos para docentes. | F34: Secretaria de educación | G34: 0 | H34: 725000000 | I34: 0 | J34: 0 | K34: 0 | L34: =SUM(G34:K34) -> 725000000
C35: ='1. FASES_LINEAS_GENERALES'!D35 -> FR22 | D35: EDUCACIÓN | E35: Atención psicosocial y recuperación emocional, Atención a niños, adolescentes, docentes y familias, talleres sobre manejo del estrés post-desastre. | F35: Secretaria de educación | G35: 0 | H35: 340000000 | I35: 0 | J35: 0 | K35: 0 | L35: =SUM(G35:K35) -> 340000000
C36: ='1. FASES_LINEAS_GENERALES'!D36 -> FR23 | D36: EDUCACIÓN | E36: Protección y permanencia escolar, reparación de techos, pisos, cableado, baños.Reconstrucción parcial o total de escuelas colapsadas. | F36: Secretaria de educación | G36: 0 | H36: 10560000000 | I36: 0 | J36: 0 | K36: 0 | L36: =SUM(G36:K36) -> 10560000000
B37: Sector Vivienda | C37: FR24 | D37: VIVA | E37: Disposición de lote para la reubicacion de viviendas destruidas y semidestruidas, y alto riesgo no mitigable, acorde con los lineamientos del Planes de Ordenamiento Territorial | F37: VIVA | G37: 0 | H37: 4377262500 | I37: 0 | J37: 0 | K37: 0 | L37: =SUM(G37:K37) -> 4377262500
C38: FR25 | D38: VIVA | E38: Implementar acciones para el mejoramiento de viviendas dignas y seguras dirigidas a las familias cuyas viviendas fueron destruidas o se encuentran ubicadas en zonas de alto riesgo no mitigable, mediante la identificación de beneficiarios, gestión de recursos, articulación interinstitucional y desarrollo de proyectos habitacionales en áreas seguras. | F38: VIVA | G38: 0 | H38: 0 | I38: 0 | J38: 0 | K38: 0 | L38: =SUM(G38:K38) -> 0
B39: Servicios Publicos Esenciales, Sector Ambiente y Desarrollo Sostenible Banco de materiales. | C39: FR26 | D39: AMBIENTE | E39: Apoyo para el restablecimiento de la prestación de los servicios públicos que fueron afectados. | G39: 0 | H39: 2800000000 | I39: 0 | J39: 0 | K39: 0 | L39: =SUM(G39:K39) -> 2800000000
B40: Servicios Publicos Esenciales Sector Ambiente y Desarrollo Sostenible. | C40: FR28 | D40: AMBIENTE | E40: Brindar acompañamiento técnico para la implementación de las acciones necesarias que permitan garantizar la prestación de los servicios públicos de acueducto, alcantarillado y aseo durante la situación de emergencia, considerando los reportes y diagnósticos iniciales de los sistemas afectados.15 acueductos afectados (5 Arboletes, 1 Bagre; 2 San Pedro, 1 San Juan, 1 Urrao, 5 Necocli) | F40: AMBIENTE SERVICIOS PÚBLICOS | G40: 0 | H40: 0 | I40: 0 | J40: 0 | K40: 0 | L40: =SUM(G40:K40) -> 0
B41: Servicios Publicos Esenciales Saneamiento Básico | C41: FR29 | D41: AMBIENTE | E41: Coordinar estrategia para la prestacion del servicios de aseo (recolección de residuos sólidos). Teniendo en cuenta las afectaciones en materia de movilidad y acceso a los municipios de San Juan, ARBOLETES Y San Pedro de Uraba. | F41: AMBIENTE Y SERVICIOS PUBLICOS Y LAS CORPORACIONES | G41: 0 | H41: 0 | I41: 0 | J41: 0 | K41: 0 | L41: =SUM(G41:K41) -> 0
B42: Servicios Publicos Esenciales Energia Gas | C42: FR30 | D42: AMBIENTE | E42: Coordinar y ejecutar las acciones necesarias para la activación y restablecimiento de los servicios públicos de gas domiciliario y energía eléctrica en los municipios afectados que presentan interrupción de vías, mediante articulación con las empresas prestadoras, evaluación de daños, implementación de alternativas técnicas de acceso y priorización de sectores críticos, con el fin de garantizar la continuidad del suministro y reducir riesgos asociados a la falta de estos servicios esenciales. | F42: AMBIENTE Y SERVICIOS PUBLICOS | G42: 0 | H42: 1670000000 | I42: 0 | J42: 0 | K42: 0 | L42: =SUM(G42:K42) -> 1670000000
B43: Animales en Situación de Emergencia | C43: FR31 | D43: AMBIENTE | E43: Apoyo en la asistencia veterinaria para los animales afectados por la emergencia y protección animal, con alimentación, cuidado básico y reubicación temporal cuando sea necesario, en articulación con las autoridades competentes y los organismos de gestión del riesgo. | F43: AMBIEMTE GERENCIA ANIMAL | G43: 0 | H43: 0 | I43: 0 | J43: 0 | K43: 0 | L43: =SUM(G43:K43) -> 0
C44: FR32 | D44: AMBIENTE | E44: Atención veterinaria, realizar las Brigadas veterinarias para:Tratamiento de heridas, infecciones o hipotermia, Prevención de brotes zoonóticos post–inundación, Leptospirosis, Parvovirus, Enfermedades, Vacunación y desparasitación de emergencia. respiratorias. | F44: AMBIEMTE GERENCIA ANIMAL | G44: 0 | H44: 0 | I44: 0 | J44: 0 | K44: 0 | L44: =SUM(G44:K44) -> 0
C45: FR33 | D45: AMBIENTE | E45: Atención médico - veterinaria para apoyar a los municipios afectados por las lluvias en la atencion de los animales. | F45: AMBIEMTE GERENCIA ANIMAL | G45: 0 | H45: 0 | I45: 0 | J45: 0 | K45: 0 | L45: =SUM(G45:K45) -> 0
C46: FR34 | D46: AMBIENTE | E46: Entrega de kits de bienestar animal: animales de compañía que se encuentren afectados por las lluvias con sus familias | F46: AMBIEMTE GERENCIA ANIMAL | G46: 0 | H46: 0 | I46: 0 | J46: 0 | K46: 0 | L46: =SUM(G46:K46) -> 0
B47: Medios de vida sector agricola | C47: FR35 | D47: DESARROLLO ECONOMICO | E47: Brindar atención inmediata a los animales afectados por la emergencia mediante la entrega de ayudas veterinarias y alimentarias, realizando acciones de valoración, tratamiento básico, estabilización y suministro de insumos esenciales, con el fin de proteger su bienestar, prevenir complicaciones de salud y apoyar a las familias damnificadas en el cuidado de sus animales durante la situación de crisis. | F47: DESARROLLO ECONOMICO - AGRICULTIRA | G47: 0 | H47: 2800000000 | I47: 0 | J47: 0 | K47: 0 | L47: =SUM(G47:K47) -> 2800000000
C48: FR36 | D48: DESARROLLO ECONOMICO | E48: Implementar acciones de reactivación agrícola en los municipios afectados mediante la entrega de semillas e insumos prioritarios, junto con la provisión de asistencia técnica especializada, con el fin de restablecer la producción, fortalecer las capacidades de los agricultores y promover la recuperación sostenible de los sistemas agrícolas impactados por la emergencia. | F48: DESARROLLO ECONOMICO - AGRICULTIRA | G48: 0 | H48: 8200000000 | I48: 0 | J48: 0 | K48: 0 | L48: =SUM(G48:K48) -> 8200000000
C49: FR37 | D49: DESARROLLO ECONOMICO | E49: Desarrollar acciones para la recuperación pecuaria en los municipios afectados mediante la reposición de animales y el acompañamiento técnico necesario. con el fin de restablecer los sistemas productivos, apoyar a las familias campesinas en la reactivación de sus medios de vida y reducir el impacto generado por la emergencia sobre la producción pecuaria. | F49: DESARROLLO ECONOMICO - AGRICULTIRA | H49: 1600000000 | I49: 0 | J49: 0 | K49: 0 | L49: =SUM(G49:K49) -> 1600000000
C50: FR38 | D50: DESARROLLO ECONOMICO | E50: Gestionar y promover el acceso a créditos, alivios financieros y seguros dirigidos a las familias, productores y unidades económicas afectados por la emergencia, articulando con las entidades financieras y aseguradoras para facilitar la implementación de mecanismos de apoyo económico que permitan mitigar pérdidas, reactivar actividades productivas y fortalecer la resiliencia financiera del territorio. | F50: DESARROLLO ECONOMICO - AGRICULTIRA | G50: 0 | H50: 0 | I50: 0 | J50: 0 | K50: 0 | L50: =SUM(G50:K50) -> 0
C51: FR39 | D51: DESARROLLO ECONOMICO | E51: Brindar asistencia técnica especializada a los productores afectados para la reconstrucción y restablecimiento de sus sistemas productivos, mediante el acompañamiento en prácticas de rehabilitación, manejo adecuado de suelos, recuperación de áreas cultivadas y reactivación de procesos pecuarios y agrícolas, con el fin de fortalecer la capacidad productiva del territorio y acelerar la recuperación económica tras la emergencia. | F51: DESARROLLO ECONOMICO - AGRICULTIRA | G51: 0 | H51: 0 | I51: 0 | J51: 0 | K51: 0 | L51: =SUM(G51:K51) -> 0
B52: Sector Económico Turismo | C52: FR40 | D52: DESARROLLO ECONOMICO | E52: Gestionar y promover la implementación de líneas de crédito con tasas diferenciales dirigidas a las personas que perdieron sus pequeños negocios en las zonas de playa debido al mar de leva, articulando con entidades financieras y programas de apoyo económico para facilitar el acceso a recursos blandos que permitan la recuperación de sus actividades comerciales, la reactivación de ingresos y el fortalecimiento de su estabilidad económica tras la emergencia. | F52: DESARROLLOECONOMICO - TURISMO | G52: 0 | H52: 0 | I52: 0 | J52: 0 | K52: 0 | L52: =SUM(G52:K52) -> 0
C53: FR41 | D53: DESARROLLO ECONOMICO | E53: Implementar acciones de apoyo dirigidas a los microempresarios turísticos afectados por la emergencia, mediante la articulación de programas de fortalecimiento empresarial, acceso a incentivos económicos, capacitación y acompañamiento técnico, con el fin de facilitar la reactivación de sus negocios, recuperar su capacidad operativa y contribuir al restablecimiento de la actividad turística en las zonas impactadas. | F53: DESARROLLOECONOMICO - TURISMO | G53: 0 | H53: 1100000000 | I53: 0 | J53: 0 | K53: 0 | L53: =SUM(G53:K53) -> 1100000000
C54: FR42 | D54: DESARROLLO ECONOMICO | E54: Implementar la activación de ferias y mercados locales para impulsar la reactivación económica de los productores agrícolas afectados, promoviendo espacios de comercialización directa, articulando aliados institucionales y facilitando el acceso de los productores a consumidores y compradores, con el fin de fortalecer sus ingresos, dinamizar la economía local y apoyar la recuperación productiva tras la emergencia. | F54: DESARROLLOECONOMICO - TURISMO | G54: 0 | H54: 0 | I54: 0 | J54: 0 | K54: 0 | L54: =SUM(G54:K54) -> 0
B55: Transporte y Accesibilidad | C55: FR43 | D55: Secretaría de Infraestructura Fisica | E55: Ejecución de Obras de Infraestructura en Emergencia, Implementar acciones para garantizar la conectividad y movilidad de las personas damnificadas y afectadas por los eventos asociados a las lluvias en los municipios impactados, mediante la intervención, habilitación y mejoramiento de las vías estratégicas que presentan afectaciones —Carepa–Saiza, El Tres–San Pedro de Urabá, Apartadó–San José de Apartadó, zonas veredales de San Pedro de Urabá, San Pedro de Urabá–Pueblito, San Pedro de Urabá–San Juancito, Pueblito–Tres Esquinas y Pueblito–Filo Pancho— con el fin de restablecer el acceso a servicios esenciales como comercio, salud y educación, y asegurar la movilidad segura de las comunidades. | F55: SIF | G55: 0 | H55: 15000000000 | I55: 0 | J55: 0 | K55: 0 | L55: =SUM(G55:K55) -> 15000000000
C56: FR44 | D56: Secretaría de Infraestructura Fisica | E56: Intervención en puntos criticos viales Arboletes – El Tambito, San Pedro de Urabá – El Tambito, San Juan – San Juancito – Siete Hermanas (San Juan de Urabá), El Bobal – San Pedro de Urabá, Bocas del Rio – Turbo | F56: SIF | H56: 0 | L56: =SUM(G56:K56) -> 0
C57: FR45 | D57: Secretaría de Infraestructura Fisica | E57: Realizar Actividades de mantenimiento· Mantenimiento rutinario manual, Mantenimiento periódico mecánico, Mantenimiento periódico mecánico, Mejoramiento de base granular, Mejoramiento de base granular, Riego de afirmado, Intervención y limpieza de obras de drenaje, Intervención y limpieza de obras de drenaje | F57: SIF | H57: 0 | L57: =SUM(G57:K57) -> 0
C58: FR46 | D58: Secretaría de Infraestructura Fisica | E58: Recuperar la capacidad estructural y funcional de la vía, Tramo: El Tres – San Pedro de Urabá, realizando Conformación y perfilado de la vía, Mejoramiento de base granular, Riego y compactación de afirmado, Mantenimiento manual de cunetas y obras de drenaje, Obras de Contención y/o mitigación de puntos críticos y/o estabilización de taludes | F58: SIF | H58: 0 | L58: =SUM(G58:K58) -> 0
C59: FR47 | D59: Secretaría de Infraestructura Fisica | E59: Recuperar la capacidad estructural y funcional de la vía, Tramo: San Pedro de Urabá – Pueblito, mediante la Rehabilitación superficial, Reposición de material granular, Mantenimiento rutinario y mecánico, Obras de Contención y/o mitigación de puntos críticos y/o estabilización de taludes | F59: SIF | H59: 0 | L59: =SUM(G59:K59) -> 0
C60: FR48 | D60: Secretaría de Infraestructura Fisica | E60: Recuperar la capacidad estructural y funcional de la vía, Tramo: Caucheras – Bajirá, mediante el Mejoramiento estructural en sectores críticos, Estabilización de superficie de rodadura, Recuperación de drenajes laterales. | F60: SIF | H60: 0 | L60: =SUM(G60:K60) -> 0
C61: FR49 | D61: Secretaría de Infraestructura Fisica | E61: Recuperar la capacidad estructural y funcional de la vía, Tramo: Mutatá – Pavarandó con intervenciones en Mantenimiento mecánico, Conformación de banca, Aporte y compactación de material | F61: SIF | H61: 0 | L61: =SUM(G61:K61) -> 0
C62: FR50 | D62: Secretaría de Infraestructura Fisica | E62: Recuperar la transitabilidad de las siguientes vías: Vía San Pedro de Urabá – El Carmelo – El Tambito: remoción de deslizamientos y mantenimiento de vías, Vía Arboletes – El Tambito: atención a puntos críticos, Vía San Juancito – El Tigre – Siete Hermanas, Vía El Tres – San Pedro, Vía Mellitos – Tambito | F62: SIF | H62: 0 | L62: =SUM(G62:K62) -> 0
C63: FR51 | D63: SIF UNGRD | E63: Intervención de Puentes sobre el rio Mulatos, Puente Rio San Juan | F63: SIF | H63: 2000000000 | L63: =SUM(G63:K63) -> 2000000000
C64: FR52 | D64: SIF- DAGRAN - INVIAS- MUNICIPIO | E64: Gestión de maquinaria amarilla para las acciones de recuperación de la infraestructura vial afectada (Vías primaria, Vías secundarias,Vías terciarias) | F64: SIF-MUNICIPIO-DAGRAN-INVIAS | H64: 0 | L64: =SUM(G64:K64) -> 0
C65: FR53 | D65: SIF- DAGRAN - INVIAS- MUNICIPIO | E65: Recuperación y estabilización de estructuras de puentes vehiculares y peatonales afectados por la inundacion | F65: SIF-MUNICIPIO-DAGRAN-INVIAS | H65: 1000000000 | L65: =SUM(G65:K65) -> 1000000000
C66: FR54 | D66: DAGRAN | E66: Intervenciones en los puntos críticos donde las fuentes hídricas depositaron material a lo largo de vías, puentes o estructuras hidráulicas | F66: DAGRAN LAS CORPORACIONES | H66: 500000000 | L66: =SUM(G66:K66) -> 500000000
B67: Maquinaria amarilla | C67: FR55 | D67: DAGRAN CORPORACIONES | E67: Reencauzamiento, limpieza y mantenimiento de cauce de las fuentes hidricas | F67: DAGRAN CORPORACIONES AUTONOMAS MUNICIPIOS | H67: 500000000 | L67: =SUM(G67:K67) -> 500000000
B68: Banco de materiales | C68: FR56 | D68: DAGRAN | E68: Gestionar los recursos para adquirir los materiales necesarios para las obras de mitigación que requieren respuesta inmediata | F68: DAGRAN | H68: 0 | L68: =SUM(G68:K68) -> 0
B69: Sector Ambiente y Desarrollo Sostenible | C69: FR57 | D69: DAGRAN CORPORACIONES | E69: Restauración de las Rondas hídricas implicadas en los eventos materializados en los municipios afectados y recuperación de los cauces de las cuencas con maquinaria amarilla y mano de obra | F69: DAGRAN MEDIO AMBIENTE | H69: 0 | L69: =SUM(G69:K69) -> 0
B70: Gastos operativos | C70: FR58 | D70: DAGRAN | E70: Logistica de operaciones para entrega de AHE y apoyo a familias damnificadas | F70: DAGRAN | H70: 300000000 | L70: =SUM(G70:K70) -> 300000000
B71: Información Pública | C71: FR59 | D71: COMUNICACIONES | E71: 1. Implementación de Tecnologías de la Información y Telecomunicaciones – TICs. 2. Garantizar las comunicaciones en el territorio para facilitar procesos inherentes a la Gestión del Riesgo. 3. Generar boletines de prensa oficiales y mantener comunicación constante de información al público en general, medios de comunicación, redes sociales. | F71: COMUNICACIONES Y DAGRAN | L71: =SUM(G71:K71) -> 0
B72: Información Pública | C72: FR60 | D72: COMUNICACIONES | E72: Comunicación estratégica de Emergencias y Tecnologías de la Información y Telecomunicaciones - Tics | F72: COMUNICACIONES Y DAGRAN | L72: =SUM(G72:K72) -> 0
B73: Transferencia de recursos | C73: FR61 | D73: DAGRAN | E73: Aquisición de Recursos, bajo los principios de precaucion, solidaridad social, sistémico, concurrencia y subsidiariedad, como fortalecimiento para la capacidad de atención a la emergencia de los grupos de socorro San Juan de Uraba, Necocli, Chigorodo, Arboletes, Turbo, Apartado, El Bagre, Defensa Civil atención a la emergencia. | F73: DAGRAN | J73: 1552382002 | L73: =SUM(G73:K73) -> 1552382002
A74: TOTAL | G74: =SUM(G14:G28) -> 0 | H74: =SUM(H14:H73) -> 7.7037972e+10 | I74: =SUM(I14:I73) -> 0 | J74: =SUM(J14:J73) -> 1552382002 | K74: =SUM(K14:K73) -> 0 | L74: =SUM(L14:L73) -> 7.6940354e+10
A76: FIRMA DEL RESPONSABLE DEL PLAN PARA LA RESPUESTA A EMERGENCIAS - PRE _____________________________________________________________________________________
A77: Nota: El Plan para la Respuesta a Emergencias - PRE de las áreas afectadas, será de obligatorio cumplimiento por todas las entidades públicas o privadas que deban contribuir a su ejecución, en los términos señalados en la declaratoria y sus modificaciones. El Plan para la Respuesta a Emergencias - PRE una vez construido deberá ser socializado al CNGR/CDGRD o CMGRD

Sheet 3.CRONOGRAMA
C1: PLAN PARA LA RESPUESTA A EMERGENCIAS - PRE SERVICIOS BÁSICOS DE RESPUESTA LÍNEAS DE INTERVENCIÓN | AU1: CÓDIGO: FR-1703-SMD-64 | AY1: VERSIÓN: 01
C2: GESTIÓN MANEJO DE DESASTRES | AU2: Hoja 3 de 4 | AY2: Fecha: 20/11/2024
A3: PLAN CRONOGRAMA DEL PRE
A4: FECHA APROBACIÓN: | B4: FECHA ACTUALIZACIÓN: | C4: DEPARTAMENTO: | E4: MUNICIPIO: | F4: NOMBRE DEL PRESIDENTE (A) /GOBERNADOR (A) /ALCALDE (SA): | O4: DIRECTOR (A) UNGRD / COORDINADOR (A) CDGRD - CMGRD | W4: APROBÓ (CNGR /CDGRD /CMGRD): | AE4: RESPONSABLE DEL SEGUIMIENTO:
A5: ='1. FASES_LINEAS_GENERALES'!A5 -> 00/00/000 | B5: ='1. FASES_LINEAS_GENERALES'!B5 -> 00/00/0000 | C5: ='1. FASES_LINEAS_GENERALES'!C5 -> ANTIOQUIA | E5: ='1. FASES_LINEAS_GENERALES'!D5 -> N/A | F5: ='1. FASES_LINEAS_GENERALES'!F5 -> ANDRÉS JULIÁN RENDÓN CARDONA | O5: ='1. FASES_LINEAS_GENERALES'!G5 -> OSCAR DANIEL GALEANO TAMAYO | W5: ='1. FASES_LINEAS_GENERALES'!G5 -> OSCAR DANIEL GALEANO TAMAYO | AE5: ='1. FASES_LINEAS_GENERALES'!H5 -> CDGRD
A6: ='1. FASES_LINEAS_GENERALES'!A6 -> Versión: 01 | B6: ='1. FASES_LINEAS_GENERALES'!B6 -> Versión: 00
A7: OBJETIVO GENERAL: | B7: ='1. FASES_LINEAS_GENERALES'!B7 -> Establecer y ejecutar las acciones necesarias para garantizar una respuesta oportuna, eficaz y articulada frente a la calamidad pública generada por los eventos de origen hidrometeorológico en el Departamento de Antioquia durante el año 2026, mediante la planeación, coordinación multisectorial y optimización de intervenciones preventivas, correctivas y de recuperación, orientadas a la reducción del riesgo, la mitigación de impactos sociales, económicos y ambientales, y el fortalecimiento operativo del Sistema Departamental de Gestión del Riesgo de Desastres, en cumplimiento de los lineamientos establecidos en la Ley 1523 de 2012. | AE7: TIPO DE DECLARATORIA: | AQ7: ='1. FASES_LINEAS_GENERALES'!J7 -> CALAMIDAD PÚBLICA DEPARTAMENTAL
AE8: NÚMERO Y FECHA: | AQ8: ='1. FASES_LINEAS_GENERALES'!J8 -> 2026070000460 DEL 06/02/2026
AE9: TÉRMINO: | AQ9: ='1. FASES_LINEAS_GENERALES'!J9 -> 6 MESES
AE10: DECRETO DE MODIFICACIÓN (No. / Fecha): | AQ10: ='1. FASES_LINEAS_GENERALES'!J10 -> N/A
AE11: DECRETO DE PRÓRROGA (No. / Fecha): | AQ11: ='1. FASES_LINEAS_GENERALES'!J11 -> N/A
AE12: DECRETO RETORNO A LA NORMALIDAD (No. / Fecha): | AQ12: ='1. FASES_LINEAS_GENERALES'!J12 -> N/A
A13: FASES DE LA EMERGENCIA | B13: SERVICIOS BÁSICOS DE RESPUESTA / LÍNEAS DE INTERVENCIÓN | C13: ID | D13: SECTOR (ES) / TERRITORIO (S) | E13: ACTIVIDADES | F13: ENTIDADES RESPONSABLES DE LAS ACTIVIDADES | G13: LINEA DE TIEMPO EJECUCIÓN
G14: MES 1 | K14: MES 2 | O14: MES 3 | S14: MES 4 | W14: MES 5 | AA14: MES 6 | AE14: MES 7 | AI14: MES 8 | AM14: MES 9 | AQ14: MES 10 | AU14: MES 11 | AY14: MES 12
A15: FASE DE RESPUESTA | B15: Activación Sala de Crisis y Puesto de Mando Unificado (PMU) | C15: FR1 | D15: DAGRAN | E15: 1. Centro de coordinación general Ley 1523 de 2012: “Por el cual se adopta la política nacional de gestión del riesgo de desastres y se establece el sistema nacional de gestión del riesgo de desastres y se dictan otras disposiciones” | F15: DAGRAN | G15: 1 | H15: 1 | I15: 1 | J15: 1
B16: EDAN Evaluación de Daños y Análisis de Necesidades | C16: FR2 | D16: DAGRAN | E16: 1. Desarrollar la Evaluación de Daños y Análisis de Necesidades - EDAN de todos los sectores que reportan afectación por eventos ocasionados por las fuertes lluvias presentadas en la subregion del Urabá, bajo cauca y suroeste.( Urrao, Zaragoza, El Bagre, Vigia del Fuerte , Murindo, Chigorodó, Carepa, Apartadó. Turbo, San Pedro de Uraba, Necoclí, San Juan de Uraba, Arboletes) | F16: DAGRAN | G16: 1 | H16: 1 | I16: 1 | J16: 1 | K16: 1
B17: RUD:Registro Único de Damnificados y Afectados | C17: FR3 | D17: MUNICIPIOS | E17: Levantamiento de la información de los sectores y la población damnificada (registro único de damnificados - RUD) con el fin de cualificar y cuantificar la población a intervenir. 1. Oficio solicitando apertura de RUD con cantidad de usuarios y contraseñas. | F17: MUNICIPIOS | G17: 1 | H17: 1 | I17: 1 | J17: 1 | K17: 1 | L17: 1
B18: Marco Legal | C18: FR4 | D18: Juridica, Planeación, DAGRAN | E18: 1.Expedición de Decreto de Calamidad Pública Departamental soportado en los decretos de Calamidad Publica Municipales. 2. Formulación y seguimiento del Plan de Acción Especifico (PAE) para la respuesta y recuperación. 3. Generar solicitudes de apoyo bajo los principios de concurrencia, complementariedad y subsidiariedad a la Nación según reportes presentados en la sala de crisis. 4. Centro de coordinación general Ley 1523 de 2012 y utilizar las medidads especiales (Capitulo 7 de la Ley en mención en el marco del Decreto. 5. Expedicion de notificaciones para las familias que se encuentren en zonas de alto riesgo CAPÍTULO. VII Régimen Especial para Situaciones de Desastre y Calamidad Pública | F18: Juridica, Planeacion y DAGRAN | G18: 1 | H18: 1
B19: Salud | C19: FR5 | D19: SALUD | E19: Activación del Centro Regulador de Urgencias, Emergencias y Desastres (CRUE), para atender los requerimientos de traslado de pacientes lesionados y/o traslado helicoportado | F19: SECRETARIA DE SALUD DEPARTAMENTAL
C20: FR6 | D20: SALUD | E20: Establecer coordinación con los CMGRD de los municipios , para articular las acciones de respuesta frente a las necesidades puntuales presentadas en cada territorio. . | F20: SECRETARIA DE SALUD DEPARTAMENTAL
C21: FR7 | D21: SALUD | E21: Realizar el monitoreo de afectaciones sanitarias, hospitalarias y comunitarias. | F21: SECRETARIA DE SALUD DEPARTAMENTAL
C22: FR8 | D22: SALUD | E22: Comunicación interinstitucional (EPS, IPS, organismos de socorro, del Departamenyo y alcaldías). | F22: SECRETARIA DE SALUD DEPARTAMENTAL
C23: FR9 | D23: SALUD | E23: Realizar la Atención prehospitalaria y atención de urgencias | F23: SECRETARIA DE SALUD DEPARTAMENTAL
C24: FR10 | D24: SALUD | E24: Vigilancia epidemiológica en salud pública, Intensificación de la vigilancia de enfermedades asociadas a inundaciones:Enfermedad diarreica aguda (EDA), Enfermedades respiratorias agudas (IRA), Dengue, chikunguña, zika, Leptospirosis. | F24: SECRETARIA DE SALUD DEPARTAMENTAL
C25: FR11 | D25: SALUD | E25: Salud mental y apoyo psicosocial para las familias damnificadas y grupos de apoyo que estn acompañando la emergencia | F25: SECRETARIA DE SALUD DEPARTAMENTAL
C26: FR12 | D26: SALUD | E26: Protección de poblaciones vulnerables con Atención prioritaria a: Niños y niñas, Gestantes y lactantes, Personas con discapacidad. | F26: SECRETARIA DE SALUD DEPARTAMENTAL
C27: FR13 | D27: SALUD | E27: Intervención de la infraestructura y servicios de salud, Evaluación de daños en hospitales y centros de salud, Garantizar continuidad de servicios esenciales, Habilitar áreas temporales de atención si las IPS quedan inoperativas, Asegurar medicamentos esenciales y dispositivos médicos. | F27: SECRETARIA DE SALUD DEPARTAMENTAL
C28: FR14 | D28: SALUD | E28: Establecer la Comunicación del riesgo con Mensajes claros a la comunidad sobre:Medidas de higiene, entre otras comunicaciones dentro de otras campañas comunicacionales de prevención | F28: SECRETARIA DE SALUD DEPARTAMENTAL
C29: FR15 | D29: SALUD | E29: Agua potable, saneamiento y control ambiental, Evaluación de sistemas de acueducto y saneamiento, Control de calidad del agua en albergues y comunidades afectadas. | F29: SECRETARIA DE SALUD DEPARTAMENTAL
C30: FR16 | D30: SALUD | E30: Gestionar, aprovisionar y habilitar soluciones de albergue temporal seguro mediante la identificación de espacios adecuados, la adquisición de insumos esenciales para habitabilidad (colchonetas, frazadas, kits de descanso, elementos de higiene y suministros básicos), y la implementación de condiciones mínimas de protección, salubridad y accesibilidad para garantizar la atención inmediata de las familias autoalbergadas y evacuadas, conforme a los lineamientos del Sistema Nacional de Gestión del Riesgo de Desastres y los estándares humanitarios aplicables. | F30: SECRETARIA DE SALUD DEPARTAMENTAL
B31: Subsidios de arrendamiento Temporal | C31: FR17 | D31: DAGRAN | E31: Gestionar los recursos necesarios para pagos de subsidio de arrendamientos y ejecutar la adquisición de insumos esenciales (kits de alojamiento, alimentación, higiene y elementos básicos de habitabilidad) para garantizar la atención inmediata de las familias autoalbergadas y evacuadas de las zonas afectadas, asegurando la disponibilidad oportuna de los recursos y su distribución según los criterios de priorización establecidos. | F31: DAGRAN UNGRD | G31: 1 | H31: 1 | I31: 1 | J31: 1 | K31: 1 | L31: 1 | M31: 1 | N31: 1 | O31: 1 | P31: 1 | Q31: 1 | R31: 1 | S31: 1 | T31: 1 | U31: 1 | V31: 1 | W31: 1 | X31: 1 | Y31: 1 | Z31: 1 | AA31: 1 | AB31: 1 | AC31: 1 | AD31: 1
B32: Ayuda Humanitaria Alimentaria y No Alimentaria | C32: FR18 | D32: DAGRAN | E32: Brindar la asistencia humanitaria de emergencia a las comunidades damnificadas por lluvias. | F32: DAGRAN UNGRD | G32: 1 | H32: 1 | I32: 1 | J32: 1
B33: Sector Educación | C33: FR19 | D33: EDUCACIÓN | E33: Evaluación rápida de daños y necesidades educativas, Daños en aulas, baños, cocinas, comedores, zonas deportivas, Pérdida de mobiliario (mesas, sillas, tableros, computadores), Pérdida de materiales pedagógicos y archivos académicos, Identificación del número de estudiantes desescolarizados o desplazados, Priorización de instituciones con mayores afectaciones. | F33: Secretaria de educación
C34: FR20 | D34: EDUCACIÓN | E34: Garantizar la continuidad del derecho a la educación, Aulas temporales (carpas, espacios comunitarios, módulos prefabricados), Reubicación de estudiantes en instituciones cercanas, Modelos flexibles semipresenciales o guías impresas cuando no hay conectividad. | F34: Secretaria de educación DAGRAN
C35: FR21 | D35: EDUCACIÓN | E35: Reposición urgente de mobiliario y materiales educativos, Kits escolares para estudiantes, Kits pedagógicos para docentes. | F35: Secretaria de educación
C36: FR22 | D36: EDUCACIÓN | E36: Atención psicosocial y recuperación emocional, Atención a niños, adolescentes, docentes y familias, talleres sobre manejo del estrés post-desastre. | F36: Secretaria de educación
C37: FR23 | D37: EDUCACIÓN | E37: Protección y permanencia escolar, reparación de techos, pisos, cableado, baños.Reconstrucción parcial o total de escuelas colapsadas. | F37: Secretaria de educación
B38: Sector Vivienda | C38: FR24 | D38: VIVA | E38: Disposición de lote para la reubicacion de viviendas destruidas y semidestruidas, y alto riesgo no mitigable, acorde con los lineamientos del EOT. | F38: VIVA
C39: FR25 | D39: VIVA | E39: Implementar acciones para la construcción de viviendas dignas y seguras dirigidas a las familias cuyas viviendas fueron destruidas o se encuentran ubicadas en zonas de alto riesgo no mitigable, mediante la identificación de beneficiarios, gestión de recursos, articulación interinstitucional y desarrollo de proyectos habitacionales en áreas seguras. | F39: VIVA
B40: Servicios Publicos Esenciales, Sector Ambiente y Desarrollo Sostenible Banco de materiales. | C40: FR26 | D40: AMBIENTE | E40: Apoyo para el restablecimiento de la prestación de los servicios públicos que fueron afectados. | F40: AMBIENTE
B41: Servicios Publicos Esenciales Sector Ambiente y Desarrollo Sostenible. | C41: FR28 | D41: AMBIENTE | E41: Brindar acompañamiento técnico para la implementación de las acciones necesarias que permitan garantizar la prestación de los servicios públicos de acueducto, alcantarillado y aseo durante la situación de emergencia, considerando los reportes y diagnósticos iniciales de los sistemas afectados.15 acueductos afectados (5 Arboletes, 1 Bagre; 2 San Pedro, 1 San Juan, 1 Urrao, 5 Necocli) | F41: AMBIENTE
B42: Servicios Publicos Esenciales Saneamiento Básico | C42: FR29 | D42: AMBIENTE | E42: Coordinar estrategia para la prestacion del servicios de aseo (recolección de residuos sólidos). Teniendo en cuenta las afectaciones en materia de movilidad y acceso a los municipios de San Juan, ARBOLETES Y San Pedro de Uraba. | F42: AMBIENTE
B43: Servicios Publicos Esenciales Energia Gas | C43: FR30 | D43: AMBIENTE | E43: Coordinar y ejecutar las acciones necesarias para la activación y restablecimiento de los servicios públicos de gas domiciliario y energía eléctrica en los municipios afectados que presentan interrupción de vías, mediante articulación con las empresas prestadoras, evaluación de daños, implementación de alternativas técnicas de acceso y priorización de sectores críticos, con el fin de garantizar la continuidad del suministro y reducir riesgos asociados a la falta de estos servicios esenciales. | F43: AMBIENTE
B44: Animales en Situación de Emergencia | C44: FR31 | D44: AMBIENTE | E44: Apoyo en la asistencia veterinaria para los animales afectados por la emergencia y protección animal, con alimentación, cuidado básico y reubicación temporal cuando sea necesario, en articulación con las autoridades competentes y los organismos de gestión del riesgo. | F44: AMBIENTE
C45: FR32 | D45: AMBIENTE | E45: Atención veterinaria, realizar las Brigadas veterinarias para:Tratamiento de heridas, infecciones o hipotermia, Prevención de brotes zoonóticos post–inundación, Leptospirosis, Parvovirus, Enfermedades, Vacunación y desparasitación de emergencia. respiratorias. | F45: AMBIENTE
C46: FR33 | D46: AMBIENTE | E46: Atención médico - veterinaria para apoyar a los municipios afectados por las lluvias en la atencion de los animales. | F46: AMBIENTE
C47: FR34 | D47: AMBIENTE | E47: Entrega de kits de bienestar animal: animales de compañía que se encuentren afectados por las lluvias con sus familias | F47: AMBIENTE
B48: Medios de vida sector agricola | C48: FR35 | D48: DESARROLLO ECONOMICO | E48: Brindar atención inmediata a los animales afectados por la emergencia mediante la entrega de ayudas veterinarias y alimentarias, realizando acciones de valoración, tratamiento básico, estabilización y suministro de insumos esenciales, con el fin de proteger su bienestar, prevenir complicaciones de salud y apoyar a las familias damnificadas en el cuidado de sus animales durante la situación de crisis. | F48: DESARROLLO ECONOMICO - AGRICULTIRA
C49: FR36 | D49: DESARROLLO ECONOMICO | E49: Implementar acciones de reactivación agrícola en los municipios afectados mediante la entrega de semillas e insumos prioritarios, junto con la provisión de asistencia técnica especializada, con el fin de restablecer la producción, fortalecer las capacidades de los agricultores y promover la recuperación sostenible de los sistemas agrícolas impactados por la emergencia. | F49: DESARROLLO ECONOMICO - AGRICULTIRA
C50: FR37 | D50: DESARROLLO ECONOMICO | E50: Desarrollar acciones para la recuperación pecuaria en los municipios afectados mediante la reposición de animales y el acompañamiento técnico necesario, con el fin de restablecer los sistemas productivos, apoyar a las familias campesinas en la reactivación de sus medios de vida y reducir el impacto generado por la emergencia sobre la producción pecuaria. | F50: DESARROLLO ECONOMICO - AGRICULTIRA
C51: FR38 | D51: DESARROLLO ECONOMICO | E51: Gestionar y promover el acceso a créditos, alivios financieros y seguros dirigidos a las familias, productores y unidades económicas afectados por la emergencia, articulando con las entidades financieras y aseguradoras para facilitar la implementación de mecanismos de apoyo económico que permitan mitigar pérdidas, reactivar actividades productivas y fortalecer la resiliencia financiera del territorio. | F51: DESARROLLO ECONOMICO - AGRICULTIRA
C52: FR39 | D52: DESARROLLO ECONOMICO | E52: Brindar asistencia técnica especializada a los productores afectados para la reconstrucción y restablecimiento de sus sistemas productivos, mediante el acompañamiento en prácticas de rehabilitación, manejo adecuado de suelos, recuperación de áreas cultivadas y reactivación de procesos pecuarios y agrícolas, con el fin de fortalecer la capacidad productiva del territorio y acelerar la recuperación económica tras la emergencia. | F52: DESARROLLO ECONOMICO - AGRICULTIRA
B53: Sector Económico Turismo | C53: FR40 | D53: DESARROLLO ECONOMICO | E53: Gestionar y promover la implementación de líneas de crédito con tasas diferenciales dirigidas a las personas que perdieron sus pequeños negocios en las zonas de playa debido al mar de leva, articulando con entidades financieras y programas de apoyo económico para facilitar el acceso a recursos blandos que permitan la recuperación de sus actividades comerciales, la reactivación de ingresos y el fortalecimiento de su estabilidad económica tras la emergencia. | F53: DESARROLLOECONOMICO - TURISMO
C54: FR41 | D54: DESARROLLO ECONOMICO | E54: Implementar acciones de apoyo dirigidas a los microempresarios turísticos afectados por la emergencia, mediante la articulación de programas de fortalecimiento empresarial, acceso a incentivos económicos, capacitación y acompañamiento técnico, con el fin de facilitar la reactivación de sus negocios, recuperar su capacidad operativa y contribuir al restablecimiento de la actividad turística en las zonas impactadas. | F54: DESARROLLOECONOMICO - TURISMO
C55: FR42 | D55: DESARROLLO ECONOMICO | E55: Implementar la activación de ferias y mercados locales para impulsar la reactivación económica de los productores agrícolas afectados, promoviendo espacios de comercialización directa, articulando aliados institucionales y facilitando el acceso de los productores a consumidores y compradores, con el fin de fortalecer sus ingresos, dinamizar la economía local y apoyar la recuperación productiva tras la emergencia. | F55: DESARROLLOECONOMICO - TURISMO
B56: Transporte y Accesibilidad | C56: FR43 | D56: Secretaria de Infraestructura Fisica | E56: Ejecución de Obras de Infraestructura en Emergencia, Implementar acciones para garantizar la conectividad y movilidad de las personas damnificadas y afectadas por los eventos asociados a las lluvias en los municipios impactados, mediante la intervención, habilitación y mejoramiento de las vías estratégicas que presentan afectaciones —Carepa–Saiza, El Tres–San Pedro de Urabá, Apartadó–San José de Apartadó, zonas veredales de San Pedro de Urabá, San Pedro de Urabá–Pueblito, San Pedro de Urabá–San Juancito, Pueblito–Tres Esquinas y Pueblito–Filo Pancho— con el fin de restablecer el acceso a servicios esenciales como comercio, salud y educación, y asegurar la movilidad segura de las comunidades. | F56: SIF
C57: FR44 | D57: Secretaria de Infraestructura Fisica | E57: Intervención en puntos criticos viales Arboletes – El Tambito, San Pedro de Urabá – El Tambito, San Juan – San Juancito – Siete Hermanas (San Juan de Urabá), El Bobal – San Pedro de Urabá, Bocas del Rio – Turbo | F57: SIF
C58: FR45 | D58: Secretaria de Infraestructura Fisica | E58: Realizar Actividades de mantenimiento· Mantenimiento rutinario manual, Mantenimiento periódico mecánico, Mantenimiento periódico mecánico, Mejoramiento de base granular, Mejoramiento de base granular, Riego de afirmado, Intervención y limpieza de obras de drenaje, Intervención y limpieza de obras de drenaje | F58: SIF
C59: FR46 | D59: Secretaria de Infraestructura Fisica | E59: Recuperar la capacidad estructural y funcional de la vía, Tramo: El Tres – San Pedro de Urabá, realizando Conformación y perfilado de la vía, Mejoramiento de base granular, Riego y compactación de afirmado, Mantenimiento manual de cunetas y obras de drenaje, Obras de Contención y/o mitigación de puntos críticos y/o estabilización de taludes | F59: SIF
C60: FR47 | D60: Secretaria de Infraestructura Fisica | E60: Recuperar la capacidad estructural y funcional de la vía, Tramo: San Pedro de Urabá – Pueblito, mediante la Rehabilitación superficial, Reposición de material granular, Mantenimiento rutinario y mecánico, Obras de Contención y/o mitigación de puntos críticos y/o estabilización de taludes | F60: SIF
C61: FR48 | D61: Secretaria de Infraestructura Fisica | E61: Recuperar la capacidad estructural y funcional de la vía, Tramo: Caucheras – Bajirá, mediante el Mejoramiento estructural en sectores críticos, Estabilización de superficie de rodadura, Recuperación de drenajes laterales. | F61: SIF
C62: FR49 | D62: Secretaria de Infraestructura Fisica | E62: Recuperar la capacidad estructural y funcional de la vía, Tramo: Mutatá – Pavarandó con intervenciones en Mantenimiento mecánico, Conformación de banca, Aporte y compactación de material | F62: SIF
C63: FR50 | D63: Secretaria de Infraestructura Fisica | E63: Recuperar la transitabilidad de las siguientes vías: Vía San Pedro de Urabá – El Carmelo – El Tambito: remoción de deslizamientos y mantenimiento de vías, Vía Arboletes – El Tambito: atención a puntos críticos, Vía San Juancito – El Tigre – Siete Hermanas, Vía El Tres – San Pedro, Vía Mellitos – Tambito | F63: SIF
C64: FR51 | D64: SIF UNGRD | E64: Intervención de Puentes sobre el rio Mulatos, Puente Rio San Juan | F64: SIF UNGRD
C65: FR52 | D65: SIF- DAGRAN - INVIAS- MUNICIPIO | E65: Gestión de maquinaria amarilla para las acciones de recuperación de la infraestructura vial afectada (Vías primaria, Vías terciarias, vías secundarias) | F65: SIF-MUNICIPIO-DAGRAN-INVIAS
C66: FR53 | D66: SIF- DAGRAN - INVIAS- MUNICIPIO | E66: Recuperación y estabilización de estructuras de puentes vehiculares y peatonales afectados por la inundacion | F66: SIF-MUNICIPIO-DAGRAN-INVIAS
C67: FR54 | D67: DAGRAN | E67: Intervenciones en los puntos críticos donde las fuentes hídricas depositaron material a lo largo de vías, puentes o estructuras hidráulicas | F67: DAGRAN LAS CORPORACIONES
B68: Maquinaria amarilla | C68: FR55 | D68: DAGRAN CORPORACIONES | E68: Reencauzamiento, limpieza y mantenimiento de cauce de las fuentes hidricas | F68: DAGRAN CORPORACIONES AUTONOMAS MUNICIPIOS
B69: Banco de materiales | C69: FR56 | D69: DAGRAN | E69: Gestionar los recursos para adquirir los materiales necesarios para las obras de mitigación que requieren respuesta inmediata | F69: DAGRAN
B70: Sector Ambiente y Desarrollo Sostenible | C70: FR57 | D70: DAGRAN CORPORACIONES | E70: Restauración de las Rondas hídricas implicadas en los eventos materializados en los municipios afectados y recuperación de los cauces de las cuencas con maquinaria amarilla y mano de obra | F70: DAGRAN MEDIO AMBIENTE
B71: Gastos operativos | C71: FR58 | D71: DAGRAN | E71: Logistica de operaciones para entrega de AHE y apoyo a familias damnificadas | F71: DAGRAN | G71: 1 | H71: 1 | I71: 1 | J71: 1 | K71: 1 | L71: 1 | M71: 1 | N71: 1
B72: Información Pública | C72: FR59 | D72: COMUNICACIONES | E72: 1. Implementación de Tecnologías de la Información y Telecomunicaciones – TICs. 2. Garantizar las comunicaciones en el territorio para facilitar procesos inherentes a la Gestión del Riesgo. 3. Generar boletines de prensa oficiales y mantener comunicación constante de información al público en general, medios de comunicación, redes sociales. | F72: COMUNICACIONES Y DAGRAN
B73: Información Pública | C73: FR60 | D73: COMUNICACIONES | E73: Comunicación estratégica de Emergencias y Tecnologías de la Información y Telecomunicaciones - Tics | F73: COMUNICACIONES Y DAGRAN
B74: Transferencia de recursos | C74: FR61 | D74: DAGRAN | E74: Aquisición de Recursos, bajo los principios de precaucion, solidaridad social, sistémico, concurrencia y subsidiariedad, como fortalecimiento para la capacidad de atención a la emergencia de los grupos de socorro San Juan de Uraba, Necocli, Chigorodo, Arboletes, Turbo, Apartado, El Bagre, Defensa Civil atención a la emergencia. | F74: DAGRAN
A75: FIRMA DEL RESPONSABLE DEL PLAN PARA LA RESPUESTA A EMERGENCIAS: _____________________________________________________________________________________
A76: Nota: El Plan para Respuesta a Emergencias - PRE de las áreas afectadas, será de obligatorio cumplimiento por todas las entidades públicas o privadas que deban contribuir a su ejecución, en los términos señalados en la declaratoria y sus modificaciones. El Plan para la Respuesta a Emergencias - PRE una vez construido deberá ser socializado al CNGR/CDGRD o CMGRD

Sheet 4.RESUMEN
E1: PLAN PARA LA RESPUESTA A EMERGENCIAS - PRE SERVICIOS BÁSICOS DE RESPUESTA LÍNEAS DE INTERVENCIÓN | L1: CÓDIGO: FR-1703-SMD-64 | M1: VERSIÓN: 04
E2: GESTIÓN MANEJO DE DESASTRES | L2: Hoja 4 de 4 | M2: Fecha: 20/11/2024
A3: RESUMEN DE INVERSIÓN DEL PRE
A4: FECHA APROBACIÓN: | C4: FECHA ACTUALIZACIÓN: | E4: DEPARTAMENTO: | F4: MUNICIPIO: | G4: NOMBRE DEL PRESIDENTE (A) /GOBERNADOR (A) /ALCALDE (SA): | H4: DIRECTOR (A) UNGRD / COORDINADOR (A) CDGRD - CMGRD | I4: APROBÓ (CNGR /CDGRD /CMGRD): | J4: RESPONSABLE DEL SEGUIMIENTO:
A5: ='1. FASES_LINEAS_GENERALES'!A5 -> 00/00/000 | C5: ='1. FASES_LINEAS_GENERALES'!B5 -> 00/00/0000 | E5: ='1. FASES_LINEAS_GENERALES'!C5 -> ANTIOQUIA | F5: ='1. FASES_LINEAS_GENERALES'!D5 -> N/A | G5: ='1. FASES_LINEAS_GENERALES'!F5 -> ANDRÉS JULIÁN RENDÓN CARDONA | H5: ='1. FASES_LINEAS_GENERALES'!G5 -> OSCAR DANIEL GALEANO TAMAYO | I5: ='1. FASES_LINEAS_GENERALES'!H5 -> CDGRD | J5: ='1. FASES_LINEAS_GENERALES'!I5 -> SECRETARIA DE PLANEACIÓN DEPARTAMENTAL- DAGRAN
A6: ='1. FASES_LINEAS_GENERALES'!A6 -> Versión: 01 | C6: ='1. FASES_LINEAS_GENERALES'!B6 -> Versión: 00
A7: OBJETIVO GENERAL: | E7: ='1. FASES_LINEAS_GENERALES'!B7 -> Establecer y ejecutar las acciones necesarias para garantizar una respuesta oportuna, eficaz y articulada frente a la calamidad pública generada por los eventos de origen hidrometeorológico en el Departamento de Antioquia durante el año 2026, mediante la planeación, coordinación multisectorial y optimización de intervenciones preventivas, correctivas y de recuperación, orientadas a la reducción del riesgo, la mitigación de impactos sociales, económicos y ambientales, y el fortalecimiento operativo del Sistema Departamental de Gestión del Riesgo de Desastres, en cumplimiento de los lineamientos establecidos en la Ley 1523 de 2012. | J7: TIPO DE DECLARATORIA: | L7: ='1. FASES_LINEAS_GENERALES'!J7 -> CALAMIDAD PÚBLICA DEPARTAMENTAL
J8: NÚMERO Y FECHA: | L8: ='1. FASES_LINEAS_GENERALES'!J8 -> 2026070000460 DEL 06/02/2026
J9: TÉRMINO: | L9: ='1. FASES_LINEAS_GENERALES'!J9 -> 6 MESES
J10: DECRETO DE MODIFICACIÓN (No. / Fecha): | L10: ='1. FASES_LINEAS_GENERALES'!J10 -> N/A
J11: DECRETO DE PRÓRROGA (No. / Fecha): | L11: ='1. FASES_LINEAS_GENERALES'!J11 -> N/A
J12: DECRETO RETORNO A LA NORMALIDAD (No. / Fecha): | L12: ='1. FASES_LINEAS_GENERALES'!J12 -> N/A
A13: FASES DE LA EMERGENCIA | E13: SERVICIOS BÁSICOS DE RESPUESTA / LÍNEAS DE INTERVENCIÓN | J13: SUB-TOTAL | L13: TOTAL COSTO POR FASES
A14: FASE DE RESPUESTA | E14: Activación Sala de Crisis y Puesto de Mando Unificado (PMU) | F14: 1. Centro de coordinación general Ley 1523 de 2012: “Por el cual se adopta la política nacional de gestión del riesgo de desastres y se establece el sistema nacional de gestión del riesgo de desastres y se dictan otras disposiciones” | J14: ='2. PRESUPUESTO'!L14 -> 0 | L14: =J14 -> 0
E15: EDAN Evaluación de Daños y Análisis de Necesidades | F15: 1. Desarrollar la Evaluación de Daños y Análisis de Necesidades - EDAN de todos los sectores que reportan afectación por eventos ocasionados por las fuertes lluvias presentadas en la subregion del Urabá, bajo cauca y suroeste.( Urrao, Zaragoza, El Bagre, Vigia del Fuerte , Murindo, Chigorodó, Carepa, Apartadó. Turbo, San Pedro de Uraba, Necoclí, San Juan de Uraba, Arboletes) | J15: ='2. PRESUPUESTO'!L15 -> 0 | L15: =J15 -> 0
E16: RUD:Registro Único de Damnificados y Afectados | F16: Levantamiento de la información de los sectores y la población damnificada (registro único de damnificados - RUD) con el fin de cualificar y cuantificar la población a intervenir. 1. Oficio solicitando apertura de RUD con cantidad de usuarios y contraseñas. | J16: ='2. PRESUPUESTO'!L16 -> 0 | L16: =J16 -> 0
E17: Marco Legal | F17: 1. Expedición de Decreto de Calamidad Pública Departamental soportado en los decretos de Calamidad Publica Municipales. 2. Formulación y seguimiento del Plan de Acción Especifico (PAE) para la respuesta y recuperación. 3. Generar solicitudes de apoyo bajo los principios de concurrencia, complementariedad y subsidiariedad a la Nación según reportes presentados en la sala de crisis. 4. Centro de coordinación general Ley 1523 de 2012 y utilizar las medidads especiales (Capitulo 7 de la Ley en mención en el marco del Decreto. 5. Expedicion de notificaciones para las familias que se encuentren en zonas de alto riesgo CAPÍTULO. VII Régimen Especial para Situaciones de Desastre y Calamidad Pública | J17: ='2. PRESUPUESTO'!L17 -> 0 | L17: =J17 -> 0
E18: Salud | F18: Activación del Centro Regulador de Urgencias, Emergencias y Desastres (CRUE), para atender los requerimientos de traslado de pacientes lesionados y/o traslado helicoportado | J18: ='2. PRESUPUESTO'!L18 -> 1100000 | L18: =SUM(J18:K29) -> 8.5949789e+09
F19: Establecer coordinación con los CMGRD de los municipios , para articular las acciones de respuesta frente a las necesidades puntuales presentadas en cada territorio. . | J19: ='2. PRESUPUESTO'!L19 -> 650000
F20: Realizar el monitoreo de afectaciones sanitarias, hospitalarias y comunitarias. | J20: ='2. PRESUPUESTO'!L20 -> 540000
F21: Comunicación interinstitucional (EPS, IPS, organismos de socorro, del Departamenyo y alcaldías). | J21: ='2. PRESUPUESTO'!L21 -> 24723333
F22: Realizar la Atención prehospitalaria y atención de urgencias | J22: ='2. PRESUPUESTO'!L22 -> 31197524
F23: Vigilancia epidemiológica en salud pública, Intensificación de la vigilancia de enfermedades asociadas a inundaciones:Enfermedad diarreica aguda (EDA), Enfermedades respiratorias agudas (IRA), Dengue, chikunguña, zika, Leptospirosis. | J23: ='2. PRESUPUESTO'!L23 -> 350000000
F24: Salud mental y apoyo psicosocial para las familias damnificadas y grupos de apoyo que estn acompañando la emergencia | J24: ='2. PRESUPUESTO'!L24 -> 432000000
F25: Protección de poblaciones vulnerables con Atención prioritaria a: Niños y niñas, Gestantes y lactantes, Personas con discapacidad. | J25: ='2. PRESUPUESTO'!L25 -> 2100000000
F26: Intervención de la infraestructura y servicios de salud, Evaluación de daños en hospitales y centros de salud, Garantizar continuidad de servicios esenciales, Habilitar áreas temporales de atención si las IPS quedan inoperativas, Asegurar medicamentos esenciales y dispositivos médicos. | J26: ='2. PRESUPUESTO'!L26 -> 4559468000
F27: Establecer la Comunicación del riesgo con Mensajes claros a la comunidad sobre:Medidas de higiene, entre otras comunicaciones dentro de otras campañas comunicacionales de prevención | J27: ='2. PRESUPUESTO'!L27 -> 55300000
F28: Agua potable, saneamiento y control ambiental, Evaluación de sistemas de acueducto y saneamiento, Control de calidad del agua en albergues y comunidades afectadas. | J28: ='2. PRESUPUESTO'!L28 -> 960000000
F29: Gestionar, aprovisionar y habilitar soluciones de albergue temporal seguro mediante la identificación de espacios adecuados, la adquisición de insumos esenciales para habitabilidad (colchonetas, frazadas, kits de descanso, elementos de higiene y suministros básicos), y la implementación de condiciones mínimas de protección, salubridad y accesibilidad para garantizar la atención inmediata de las familias autoalbergadas y evacuadas, conforme a los lineamientos del Sistema Nacional de Gestión del Riesgo de Desastres y los estándares humanitarios aplicables. | J29: ='2. PRESUPUESTO'!L29 -> 80000000
E30: Subsidios de arrendamiento Temporal | F30: Gestionar los recursos necesarios para pagos de subsidio de arrendamientos y ejecutar la adquisición de insumos esenciales (kits de alojamiento, alimentación, higiene y elementos básicos de habitabilidad) para garantizar la atención inmediata de las familias autoalbergadas y evacuadas de las zonas afectadas, asegurando la disponibilidad oportuna de los recursos y su distribución según los criterios de priorización establecidos. | J30: ='2. PRESUPUESTO'!L30 -> 1197000000 | L30: =J30 -> 1197000000
E31: Ayuda Humanitaria Alimentaria y No Alimentaria | F31: Brindar la asistencia humanitaria de emergencia a las comunidades damnificadas por lluvias. | J31: ='2. PRESUPUESTO'!L31 -> 12105730500 | L31: =J31 -> 12105730500
E32: Sector Educación | F32: Evaluación rápida de daños y necesidades educativas, Daños en aulas, baños, cocinas, comedores, zonas deportivas, Pérdida de mobiliario (mesas, sillas, tableros, computadores), Pérdida de materiales pedagógicos y archivos académicos, Identificación del número de estudiantes desescolarizados o desplazados, Priorización de instituciones con mayores afectaciones. | J32: ='2. PRESUPUESTO'!L32 -> 18000000 | L32: =SUM(J32:K36) -> 11643000000
F33: Garantizar la continuidad del derecho a la educación, Aulas temporales (carpas, espacios comunitarios, módulos prefabricados), Reubicación de estudiantes en instituciones cercanas, Modelos flexibles semipresenciales o guías impresas cuando no hay conectividad. | J33: ='2. PRESUPUESTO'!L33 -> 0
F34: Reposición urgente de mobiliario y materiales educativos, Kits escolares para estudiantes, Kits pedagógicos para docentes. | J34: ='2. PRESUPUESTO'!L34 -> 725000000
F35: Atención psicosocial y recuperación emocional, Atención a niños, adolescentes, docentes y familias, talleres sobre manejo del estrés post-desastre. | J35: ='2. PRESUPUESTO'!L35 -> 340000000
F36: Protección y permanencia escolar, reparación de techos, pisos, cableado, baños.Reconstrucción parcial o total de escuelas colapsadas. | J36: ='2. PRESUPUESTO'!L36 -> 10560000000
E37: Sector Vivienda | F37: Disposición de lote para la reubicacion de viviendas destruidas y semidestruidas, y alto riesgo no mitigable, acorde con los lineamientos del EOT. | J37: ='2. PRESUPUESTO'!L37 -> 4377262500 | L37: =SUM(J37:K38) -> 4377262500
F38: Implementar acciones para la construcción de viviendas dignas y seguras dirigidas a las familias cuyas viviendas fueron destruidas o se encuentran ubicadas en zonas de alto riesgo no mitigable, mediante la identificación de beneficiarios, gestión de recursos, articulación interinstitucional y desarrollo de proyectos habitacionales en áreas seguras. | J38: ='2. PRESUPUESTO'!L38 -> 0
E39: Servicios Publicos Esenciales, Sector Ambiente y Desarrollo Sostenible Banco de materiales. | F39: Apoyo para el restablecimiento de la prestación de los servicios públicos que fueron afectados. | J39: ='2. PRESUPUESTO'!L39 -> 2800000000 | L39: =J39 -> 2800000000
E40: Servicios Publicos Esenciales Sector Ambiente y Desarrollo Sostenible. | F40: Brindar acompañamiento técnico para la implementación de las acciones necesarias que permitan garantizar la prestación de los servicios públicos de acueducto, alcantarillado y aseo durante la situación de emergencia, considerando los reportes y diagnósticos iniciales de los sistemas afectados.10 acueductos afectados (5 Arboletes, 1 Bagre; 2 San Pedro, 1 San Juan, 1 Urrao) | J40: ='2. PRESUPUESTO'!L40 -> 0 | L40: =J40 -> 0
E41: Servicios Publicos Esenciales Saneamiento Básico | F41: Coordinar estrategia para la prestacion del servicios de aseo (recolección de residuos sólidos). Teniendo en cuenta las afectaciones en materia de movilidad y acceso a los municipios de San Juan, ARBOLETES Y San Pedro de Uraba. | J41: ='2. PRESUPUESTO'!L41 -> 0 | L41: =J41 -> 0
E42: Servicios Publicos Esenciales Energia Gas | F42: Coordinar y ejecutar las acciones necesarias para la activación y restablecimiento de los servicios públicos de gas domiciliario y energía eléctrica en los municipios afectados que presentan interrupción de vías, mediante articulación con las empresas prestadoras, evaluación de daños, implementación de alternativas técnicas de acceso y priorización de sectores críticos, con el fin de garantizar la continuidad del suministro y reducir riesgos asociados a la falta de estos servicios esenciales. | J42: ='2. PRESUPUESTO'!L42 -> 1670000000 | L42: =J42 -> 1670000000
E43: Animales en Situación de Emergencia | F43: Apoyo en la asistencia veterinaria para los animales afectados por la emergencia y protección animal, con alimentación, cuidado básico y reubicación temporal cuando sea necesario, en articulación con las autoridades competentes y los organismos de gestión del riesgo. | J43: ='2. PRESUPUESTO'!L43 -> 0 | L43: =SUM(J43:K46) -> 0
F44: Atención veterinaria, realizar las Brigadas veterinarias para:Tratamiento de heridas, infecciones o hipotermia, Prevención de brotes zoonóticos post–inundación, Leptospirosis, Parvovirus, Enfermedades, Vacunación y desparasitación de emergencia. respiratorias. | J44: ='2. PRESUPUESTO'!L44 -> 0
F45: Atención médico - veterinaria para apoyar a los municipios afectados por las lluvias en la atencion de los animales. | J45: ='2. PRESUPUESTO'!L45 -> 0
F46: Entrega de kits de bienestar animal: animales de compañía que se encuentren afectados por las lluvias con sus familias | J46: ='2. PRESUPUESTO'!L46 -> 0
E47: Medios de vida sector agricola | F47: Brindar atención inmediata a los animales afectados por la emergencia mediante la entrega de ayudas veterinarias y alimentarias, realizando acciones de valoración, tratamiento básico, estabilización y suministro de insumos esenciales, con el fin de proteger su bienestar, prevenir complicaciones de salud y apoyar a las familias damnificadas en el cuidado de sus animales durante la situación de crisis. | J47: ='2. PRESUPUESTO'!L47 -> 2800000000 | L47: =SUM(J47:K51) -> 12600000000
F48: Implementar acciones de reactivación agrícola en los municipios afectados mediante la entrega de semillas e insumos prioritarios, junto con la provisión de asistencia técnica especializada, con el fin de restablecer la producción, fortalecer las capacidades de los agricultores y promover la recuperación sostenible de los sistemas agrícolas impactados por la emergencia. | J48: ='2. PRESUPUESTO'!L48 -> 8200000000
F49: Desarrollar acciones para la recuperación pecuaria en los municipios afectados mediante la reposición de animales y el acompañamiento técnico necesario, con el fin de restablecer los sistemas productivos, apoyar a las familias campesinas en la reactivación de sus medios de vida y reducir el impacto generado por la emergencia sobre la producción pecuaria. | J49: ='2. PRESUPUESTO'!L49 -> 1600000000
F50: Gestionar y promover el acceso a créditos, alivios financieros y seguros dirigidos a las familias, productores y unidades económicas afectados por la emergencia, articulando con las entidades financieras y aseguradoras para facilitar la implementación de mecanismos de apoyo económico que permitan mitigar pérdidas, reactivar actividades productivas y fortalecer la resiliencia financiera del territorio. | J50: ='2. PRESUPUESTO'!L50 -> 0
F51: Brindar asistencia técnica especializada a los productores afectados para la reconstrucción y restablecimiento de sus sistemas productivos, mediante el acompañamiento en prácticas de rehabilitación, manejo adecuado de suelos, recuperación de áreas cultivadas y reactivación de procesos pecuarios y agrícolas, con el fin de fortalecer la capacidad productiva del territorio y acelerar la recuperación económica tras la emergencia. | J51: ='2. PRESUPUESTO'!L51 -> 0
E52: Sector Económico Turismo | F52: Gestionar y promover la implementación de líneas de crédito con tasas diferenciales dirigidas a las personas que perdieron sus pequeños negocios en las zonas de playa debido al mar de leva, articulando con entidades financieras y programas de apoyo económico para facilitar el acceso a recursos blandos que permitan la recuperación de sus actividades comerciales, la reactivación de ingresos y el fortalecimiento de su estabilidad económica tras la emergencia. | J52: ='2. PRESUPUESTO'!L52 -> 0 | L52: =SUM(J52:K54) -> 1100000000
F53: Implementar acciones de apoyo dirigidas a los microempresarios turísticos afectados por la emergencia, mediante la articulación de programas de fortalecimiento empresarial, acceso a incentivos económicos, capacitación y acompañamiento técnico, con el fin de facilitar la reactivación de sus negocios, recuperar su capacidad operativa y contribuir al restablecimiento de la actividad turística en las zonas impactadas. | J53: ='2. PRESUPUESTO'!L53 -> 1100000000
F54: Implementar la activación de ferias y mercados locales para impulsar la reactivación económica de los productores agrícolas afectados, promoviendo espacios de comercialización directa, articulando aliados institucionales y facilitando el acceso de los productores a consumidores y compradores, con el fin de fortalecer sus ingresos, dinamizar la economía local y apoyar la recuperación productiva tras la emergencia. | J54: ='2. PRESUPUESTO'!L54 -> 0
E55: Transporte y Accesibilidad | F55: Ejecución de Obras de Infraestructura en Emergencia, Implementar acciones para garantizar la conectividad y movilidad de las personas damnificadas y afectadas por los eventos asociados a las lluvias en los municipios impactados, mediante la intervención, habilitación y mejoramiento de las vías estratégicas que presentan afectaciones —Carepa–Saiza, El Tres–San Pedro de Urabá, Apartadó–San José de Apartadó, zonas veredales de San Pedro de Urabá, San Pedro de Urabá–Pueblito, San Pedro de Urabá–San Juancito, Pueblito–Tres Esquinas y Pueblito–Filo Pancho— con el fin de restablecer el acceso a servicios esenciales como comercio, salud y educación, y asegurar la movilidad segura de las comunidades. | J55: ='2. PRESUPUESTO'!L55 -> 15000000000 | L55: =SUM(J55:K66) -> 18500000000
F56: Intervención en puntos criticos viales Arboletes – El Tambito, San Pedro de Urabá – El Tambito, San Juan – San Juancito – Siete Hermanas (San Juan de Urabá), El Bobal – San Pedro de Urabá, Bocas del Rio – Turbo | J56: ='2. PRESUPUESTO'!L56 -> 0
F57: Realizar Actividades de mantenimiento· Mantenimiento rutinario manual, Mantenimiento periódico mecánico, Mantenimiento periódico mecánico, Mejoramiento de base granular, Mejoramiento de base granular, Riego de afirmado, Intervención y limpieza de obras de drenaje, Intervención y limpieza de obras de drenaje | J57: ='2. PRESUPUESTO'!L57 -> 0
F58: Recuperar la capacidad estructural y funcional de la vía, Tramo: El Tres – San Pedro de Urabá, realizando Conformación y perfilado de la vía, Mejoramiento de base granular, Riego y compactación de afirmado, Mantenimiento manual de cunetas y obras de drenaje, Obras de Contención y/o mitigación de puntos críticos y/o estabilización de taludes | J58: ='2. PRESUPUESTO'!L58 -> 0
F59: Recuperar la capacidad estructural y funcional de la vía, Tramo: San Pedro de Urabá – Pueblito, mediante la Rehabilitación superficial, Reposición de material granular, Mantenimiento rutinario y mecánico, Obras de Contención y/o mitigación de puntos críticos y/o estabilización de taludes | J59: ='2. PRESUPUESTO'!L59 -> 0
F60: Recuperar la capacidad estructural y funcional de la vía, Tramo: Caucheras – Bajirá, mediante el Mejoramiento estructural en sectores críticos, Estabilización de superficie de rodadura, Recuperación de drenajes laterales. | J60: ='2. PRESUPUESTO'!L60 -> 0
F61: Recuperar la capacidad estructural y funcional de la vía, Tramo: Mutatá – Pavarandó con intervenciones en Mantenimiento mecánico, Conformación de banca, Aporte y compactación de material | J61: ='2. PRESUPUESTO'!L61 -> 0
F62: Recuperar la transitabilidad de las siguientes vías: Vía San Pedro de Urabá – El Carmelo – El Tambito: remoción de deslizamientos y mantenimiento de vías, Vía Arboletes – El Tambito: atención a puntos críticos, Vía San Juancito – El Tigre – Siete Hermanas, Vía El Tres – San Pedro, Vía Mellitos – Tambito | J62: ='2. PRESUPUESTO'!L62 -> 0
F63: Intervención de Puentes sobre el rio Mulatos, Puente Rio San Juan | J63: ='2. PRESUPUESTO'!L63 -> 2000000000
F64: Gestión de maquinaria amarilla para las acciones de recuperación de la infraestructura vial afectada (Vías primaria, Vías terciarias, vías secundarias) | J64: ='2. PRESUPUESTO'!L64 -> 0
F65: Recuperación y estabilización de estructuras de puentes vehiculares y peatonales afectados por la inundacion | J65: ='2. PRESUPUESTO'!L65 -> 1000000000
F66: Intervenciones en los puntos críticos donde las fuentes hídricas depositaron material a lo largo de vías, puentes o estructuras hidráulicas | J66: ='2. PRESUPUESTO'!L66 -> 500000000
E67: Maquinaria amarilla | F67: Reencauzamiento, limpieza y mantenimiento de cauce de las fuentes hidricas | J67: ='2. PRESUPUESTO'!L67 -> 500000000 | L67: =J67 -> 500000000
E68: Banco de materiales | F68: Gestionar los recursos para adquirir los materiales necesarios para las obras de mitigación que requieren respuesta inmediata | J68: ='2. PRESUPUESTO'!L68 -> 0 | L68: =J68 -> 0
E69: Sector Ambiente y Desarrollo Sostenible | F69: Restauración de las Rondas hídricas implicadas en los eventos materializados en los municipios afectados y recuperación de los cauces de las cuencas con maquinaria amarilla y mano de obra | J69: ='2. PRESUPUESTO'!L69 -> 0 | L69: =J69 -> 0
E70: Gastos operativos | F70: Logistica de operaciones para entrega de AHE y apoyo a familias damnificadas | J70: ='2. PRESUPUESTO'!L70 -> 300000000 | L70: =J70 -> 300000000
E71: Información Pública | F71: 1. Implementación de Tecnologías de la Información y Telecomunicaciones – TICs. 2. Garantizar las comunicaciones en el territorio para facilitar procesos inherentes a la Gestión del Riesgo. 3. Generar boletines de prensa oficiales y mantener comunicación constante de información al público en general, medios de comunicación, redes sociales. | J71: ='2. PRESUPUESTO'!L71 -> 0 | L71: =J71 -> 0
E72: Información Pública | F72: Comunicación estratégica de Emergencias y Tecnologías de la Información y Telecomunicaciones - Tics | J72: ='2. PRESUPUESTO'!L72 -> 0 | L72: =J72 -> 0
E73: Transferencia de recursos | F73: Aquisición de Recursos, bajo los principios de precaucion, solidaridad social, sistémico, concurrencia y subsidiariedad, como fortalecimiento para la capacidad de atención a la emergencia de los grupos de socorro San Juan de Uraba, Necocli, Chigorodo, Arboletes, Turbo, Apartado, El Bagre, Defensa Civil atención a la emergencia. | J73: ='2. PRESUPUESTO'!L73 -> 1552382002 | L73: =J73 -> 1552382002
A74: TOTAL COSTO DEL PRE | J74: =SUM(J14:K73) -> 7.6940354e+10 | L74: =SUM(L14:M73) -> 7.6940354e+10
A76: FIRMA DEL RESPONSABLE DEL PLAN PARA LA RESPUESTA A EMERGENCIAS: _____________________________________________________________________________________
A77: Nota: El Plan para la Respuesta a Emergencias - PRE de las áreas afectadas, será de obligatorio cumplimiento por todas las entidades públicas o privadas que deban contribuir a su ejecución, en los términos señalados en la declaratoria y sus modificaciones. El Plan para la Respuesta a Emergencias - PRE una vez construido deberá ser socializado al CNGR/CDGRD o CMGRD

Sheet 5.LINEAS DE INTERVENCIÓN
E1: PLAN PARA LA RESPUESTA A EMERGENCIAS - PRE SERVICIOS BÁSICOS DE RESPUESTA LÍNEAS DE INTERVENCIÓN | L1: CÓDIGO: FR-1703-SMD-64 | M1: VERSIÓN: 04
E2: GESTIÓN MANEJO DE DESASTRES | L2: Hoja 4 de 4 | M2: Fecha: 20/11/2024
A3: Servicios Básicos de Respuesta | I3: Responsable
A4: Accesibilidad y Transporte | I4: Ministerio de Transporte
A5: Salud | I5: Ministerio de Salud y Protección Social
A6: Búsqueda y Rescate | I6: Dirección Nacional de Bomberos de Colombia
A7: Extinción de Incendios | I7: Dirección Nacional de Bomberos de Colombia
A8: Manejo de Materiales Peligrosos | I8: Dirección Nacional de Bomberos de Colombia
A9: Agua Potable | I9: Ministerio de Vivienda, Ciudad y Territorio
A10: Ayudas Humanitarias (Alimentaria y no Alimentaria) | I10: Departamento Administrativo para la Prosperidad Social
A11: Alojamientos Temporales | I11: UNGRD
A12: Telecomunicaciones | I12: Ministerio de Tecnologías de la Información y las Comunicaciones
A13: Reencuentro Familiar | I13: ICBF
A14: Saneamiento Básico | I14: Ministerio de Vivienda, Ciudad y Territorio
... A25: Aspectos Financieros | I25: UNGRD

Sheet CONTROL DE CAMBIOS
A1: CONTROL DE CAMBIOS DEL DOCUMENTO
A2: VERSIÓN | B2: DESCRIPCIÓN DEL CAMBIO | C2: FECHA
A3: 1 | B3: Emisión Inicial | C3: 46076
